 Dungeon Crawl Stone Soup version 0.31-a0-931-g7b59d4eb97 (webtiles) character file.

Game seed: 4924014168894104937

20930791 Xavori the Ninja (level 27, 226/226 HPs)
             Began as an Octopode Chaos Knight on Oct 18, 2023.
             Was a Favourite Plaything of Xom.
             Escaped with the Orb
             ... and 15 runes on Oct 19, 2023!
             The game lasted 03:22:10 (72760 turns).

Xavori the Ninja (Octopode Chaos Knight)           Turns: 72760, Time: 03:22:10

Health: 226/226    AC: 17    Str:  6      XL:     27
Magic:  46/47      EV: 70    Int: 24      God:    Xom [...*..]
Gold:   13049      SH:  2    Dex: 52 (53) Spells: 57/66 levels left

rFire   + + .        F - +8 pair of quick blades "Gyre" and "Gimble" {protect}
rCold   + + +        (shield currently unavailable)
rNeg    + + +        A - +2 hat
rPois   ∞            b - amulet of Discretion {Rampage +Blink rC+++ Regen+ Str-4}
rElec   +            V - ring of Ciyn {Fly Will- Dex+3 Slay+3}
rCorr   +            q - ring of Tip Uwne {Will+ Dex+5 SInv}
SInv    +            n - ring of protection from fire
Will    +++..        v - ring of the Octopus King {Wiz HP+2 AC+2 EV+2 SH+2}
Stlth   +++++        G - ring of resist corrosion
HPRegen 1.37/turn    W - ring of Unuor {rN+ AC+4 Dex+3}
MPRegen 0.30/turn    e - ring "Ynukid" {rF+ rC+ AC+4 Dex+4}
                     P - ring "Coick" {rElec rPois rC- Int+3 Dex+10}

%: rampage, wizardry (x1)
@: death-form, flying, studying Hexes
A: vile attack, torment immunity, no potions, almost no armour, amphibious, 8
rings, camouflage 1, gelatinous body 1, (nimble swimmer 1), tentacles, beak,
tentacle spike 2, iridescent scales 2, see invisible, agile 2, clever 2,
MP-powered wands
0: Orb of Zot
}: 15/15 runes: decaying, slimy, silver, golden, iron, obsidian, icy, bone,
abyssal, demonic, glowing, magical, fiery, dark, gossamer
a: Siphon Essence, Begin Untransformation, Renounce Religion, Evoke Blink


You escaped.
You worshipped Xom.
You were a favourite toy of Xom.
You were an undying horror.
You visited 17 branches of the dungeon, and saw 87 of its levels.
You visited Pandemonium 1 time, and saw 20 of its levels.
You visited the Abyss 1 time.
You visited 1 ziggurat, and saw 13 of its levels.
You also visited: Ossuary, Ice Cave and Desolation.

You collected 16854 gold pieces.
You spent 3805 gold pieces at shops.

Inventory:

Hand Weapons
 p - a +9 quick blade of protection
 y - a +9 quick blade of holy wrath
 F - the +8 pair of quick blades "Gyre" and "Gimble" (weapon) {protect}
   (You found it on level 7 of the Dungeon)
Armour
 f - a +1 kite shield of reflection
 A - a +2 hat (worn)
Jewellery
 b - the amulet of Discretion (around mantle) {Rampage +Blink rC+++ Regen+ Str-4}
   (You took it off a deep elf death mage on level 3 of the Elven Halls)

   [amulet of regeneration]

   Str-4:     It affects your strength (-4).
   rC+++:     It renders you almost immune to cold.
   +Blink:    It lets you blink.
   Regen+:    It increases your rate of health regeneration.
   Rampage:   It bestows one free step when moving towards enemies.
 e - the ring "Ynukid" (on tentacle) {rF+ rC+ AC+4 Dex+4}
   (You bought it in a shop on level 4 of the Depths)

   [ring of protection]

   AC+4:      It affects your AC (+4).
   Dex+4:     It affects your dexterity (+4).
   rF+:       It protects you from fire.
   rC+:       It protects you from cold.
 n - a ring of protection from fire (on tentacle)
 q - the ring of Tip Uwne (right tentacle) {Will+ Dex+5 SInv}
   (You took it off a balrug in Pandemonium)

   [ring of willpower]

   Dex+5:     It affects your dexterity (+5).
   Will+:     It increases your willpower.
   SInv:      It lets you see invisible.
 v - a ring of the Octopus King (on tentacle) {Wiz HP+2 AC+2 EV+2 SH+2}
   (You found it on level 7 of the Iron City of Dis)

   [ring of wizardry]

   Wiz:       It improves your spell success rate.
   AC+2:      It affects your AC (+2).
   EV+2:      It affects your evasion (+2).
   HP+2:      It affects your health (+2).
   SH+2:      It affects your SH (+2).
 D - a ring of willpower
 G - a ring of resist corrosion (on tentacle)
 J - a ring of willpower
 P - the ring "Coick" (on tentacle) {rElec rPois rC- Int+3 Dex+10}
   (Xom gifted it to you on level 1 of the Spider Nest)

   [ring of poison resistance]

   Int+3:     It affects your intelligence (+3).
   Dex+10:    It affects your dexterity (+10).
   rC-:       It makes you vulnerable to cold.
   rElec:     It insulates you from electricity.
   rPois:     It protects you from poison
 S - the ring of Midsummer {rN++ Str+9 Int-3 Dex-5 Slay+4}
   (You found it on level 3 of the Tomb of the Ancients)

   [ring of slaying]

   Str+9:     It affects your strength (+9).
   Int-3:     It affects your intelligence (-3).
   Dex-5:     It affects your dexterity (-5).
   Slay+4:    It affects your accuracy & damage with ranged weapons and melee
   (+4).
   rN++:      It greatly protects you from negative energy.
 V - the ring of Ciyn (left tentacle) {Fly Will- Dex+3 Slay+3}
   (You took it off a ragged hierophant in the Desolation of Salt)

   [ring of flight]

   Dex+3:     It affects your dexterity (+3).
   Slay+3:    It affects your accuracy & damage with ranged weapons and melee
   (+3).
   Will-:     It decreases your willpower.
   Fly:       It grants you flight.
 W - the ring of Unuor (on tentacle) {rN+ AC+4 Dex+3}
   (You found it on level 3 of a ziggurat)

   [ring of protection]

   AC+4:      It affects your AC (+4).
   Dex+3:     It affects your dexterity (+3).
   rN+:       It protects you from negative energy.
 X - a +4 ring of protection
 Z - a ring of fire
Talismans
 i - a talisman of death (active)
 N - a granite talisman
Wands
 g - a wand of paralysis (106)
 k - a wand of flame (205)
 u - a wand of mindburst (100)
 L - a wand of polymorph (47)
 M - a wand of iceblast (94)
 O - a wand of digging (27)
 R - a wand of quicksilver (43)
Scrolls
 a - 13 scrolls of fog
 r - a scroll of summoning
 t - a scroll of blinking
 z - 15 scrolls of poison
 B - 23 scrolls of teleportation
 H - 2 scrolls of brand weapon
 I - 13 scrolls of fear
 K - 4 scrolls of silence
 U - 16 scrolls of enchant armour
 Y - 5 scrolls of revelation
Potions
 c - 16 potions of heal wounds
 d - 9 potions of enlightenment
 h - 5 potions of magic
 j - 5 potions of invisibility
 l - 11 potions of cancellation
 m - 12 potions of brilliance
 o - 4 potions of might
 s - 6 potions of ambrosia
 w - 7 potions of haste
 x - 23 potions of curing
 C - 6 potions of berserk rage
 E - 26 potions of mutation
 Q - 7 potions of resistance
Miscellaneous
 T - a tin of tremorstones (2/2)


   Skills:
 O Level 27 Fighting
 O Level 27 Short Blades
 O Level 27 Dodging
 O Level 27 Stealth
 - Level 7.0 Shields
 + Level 23.8 Unarmed Combat
 * Level 20.0 Spellcasting
 - Level 7.0 Hexes
 - Level 13.3 Translocations
 + Level 12.4 Evocations
 O Level 27 Shapeshifting


You had 57 spell levels left.
You knew the following spells:

 Your Spells              Type           Power      Damage    Failure   Level
a - Confusing Touch       Hex            55%        N/A       1%          3
b - Blink                 Tloc           100%       N/A       0%          2
c - Manifold Assault      Tloc           73%        N/A       1%          4

Your spell library contained the following spells:

 Spells                   Type           Power      Damage    Failure   Level
 Lesser Beckoning         Tloc           100%       N/A       0%          2
 Kiss of Death            Conj/Necr      96%        2d12      1%          1
 Magic Dart               Conj           96%        1d7       1%          1
 Necrotise                Necr           96%        1d8       1%          1
 Sandblast                Erth           48%        2d12      1%          1
 Shock                    Conj/Air       96%        1d9       1%          1
 Sting                    Tmut/Pois      96%        1d7       1%          1
 Summon Small Mammal      Summ           96%        N/A       1%          1
 Call Imp                 Summ           48%        N/A       1%          2
 Cigotuvi's Dreadful Rot  Necr/Pois/Air  48%        N/A       1%          2
 Ensorcelled Hibernation  Hex/Ice        80%        N/A       1%          2
 Jinxbite                 Hex            100%       N/A       1%          2
 Momentum Strike          Conj/Tloc      100%       3d10      1%          2
 Passwall                 Tmut/Erth      20%        N/A       1%          2
 Poisonous Vapours        Pois/Air       48%        N/A       1%          2
 Scorch                   Fire           48%        2d7       1%          2
 Searing Ray              Conj           48%        2d6       1%          2
 Static Discharge         Conj/Air       48%        2-4/arc   1%          2
 Sublimation of Blood     Necr           24%        N/A       1%          2
 Wereblood                Tmut           24%        N/A       1%          2
 Dazzling Flash           Conj/Hex       80%        N/A       1%          3
 Gell's Gravitas          Tloc           73%        N/A       1%          3
 Inner Flame              Hex/Fire       40%        N/A       1%          3
 Summon Guardian Golem    Hex/Summ       40%        N/A       1%          3
 Teleport Other           Tloc           73%        N/A       1%          3
 Tukima's Dance           Hex            55%        N/A       1%          3
 Volatile Blastmotes      Fire/Tloc      100%       2d18      1%          3
 Anguish                  Hex/Necr       20%        N/A       1%          4
 Cause Fear               Hex            27%        N/A       1%          4
 Dimensional Bullseye     Hex/Tloc       32%        N/A       1%          4
 Fulminant Prism          Conj/Hex       20%        3d12      1%          4
 Iskenderun's Mystic Bla  Conj/Tloc      54%        2d12      1%          4
 Passage of Golubria      Tloc           73%        N/A       1%          4
 Vhi's Electric Charge    Tloc/Air       100%       N/A       1%          4
 Summon Forest            Summ/Tloc      27%        N/A       1%          5
 Call Canine Familiar     Summ           24%        N/A       2%          3
 Frozen Ramparts          Ice            48%        1d8       2%          3
 Ignite Poison            Fire/Tmut/Pois 24%        N/A       2%          3
 Mephitic Cloud           Conj/Pois/Air  24%        N/A       2%          3
 Ozocubu's Armour         Ice            24%        N/A       2%          3
 Stone Arrow              Conj/Erth      48%        3d10      2%          3
 Swiftness                Air            24%        N/A       2%          3
 Vampiric Draining        Necr           24%        2d7       2%          3
 Metabolic Englaciation   Hex/Ice        20%        N/A       4%          5
 Silence                  Hex/Air        20%        N/A       4%          5
 Summon Mana Viper        Hex/Summ       40%        N/A       4%          5
 Yara's Violent Unravell  Hex/Tmut       20%        3d9       4%          5
 Airstrike                Air            12%        2d(2-18)  8%          4
 Brom's Barrelling Bould  Conj/Erth      24%        2d5       8%          4
 Dispel Undead            Necr           24%        3d12      8%          4
 Flame Wave               Conj/Fire      24%        2d8       8%          4
 Olgreb's Toxic Radiance  Pois           24%        N/A       8%          4
 Petrify                  Tmut/Erth      24%        N/A       8%          4
 Sticky Flame             Conj/Fire      24%        2d5       8%          4
 Summon Ice Beast         Ice/Summ       24%        N/A       8%          4
 Summon Lightning Spire   Summ/Air       24%        N/A       8%          4
 Agony                    Necr           24%        N/A       21%         5
 Alistair's Intoxication  Tmut/Pois      16%        N/A       21%         5
 Arcjolt                  Conj/Air       12%        1d22      21%         5
 Borgnjor's Vile Clutch   Necr/Erth      12%        N/A       21%         5
 Fireball                 Conj/Fire      12%        3d7       21%         5
 Freezing Cloud           Conj/Ice/Air   12%        6-21      21%         5
 Irradiate                Conj/Tmut      12%        3d15      21%         5
 Iskenderun's Battlesphe  Conj           24%        2d8       21%         5
 Lee's Rapid Deconstruct  Erth           12%        3d8*      21%         5
 Disjunction              Tloc           36%        N/A       21%         8
 Bombard                  Conj/Erth      12%        9d3       71%         6
 Conjure Ball Lightning   Conj/Air       12%        3x3d6     71%         6
 Death Channel            Necr           12%        N/A       71%         6
 Eringya's Noxious Bog    Tmut/Pois      12%        4d6       71%         6
 Plasma Beam              Fire/Air       12%        2x1d23    71%         6
 Simulacrum               Ice/Necr       12%        N/A       71%         6
 Starburst                Conj/Fire      12%        6d5       71%         6
 Summon Cactus Giant      Summ           12%        N/A       71%         6
 Discord                  Hex            27%        N/A       93%         8
 Haunt                    Necr/Summ      12%        N/A       99%         7
 Monstrous Menagerie      Summ           12%        N/A       99%         7
 Orb of Destruction       Conj           12%        9d7       99%         7
 Ozocubu's Refrigeration  Ice            12%        4d10      99%         7
 Spellforged Servitor     Conj/Summ      12%        N/A       99%         7
 Summon Hydra             Summ           12%        N/A       99%         7
 Borgnjor's Revivificati  Necr           12%        N/A       100%        8
 Ignition                 Fire           12%        3d6       100%        8
 Lehudib's Crystal Spear  Conj/Erth      12%        10d4      100%        8
 Maxwell's Capacitive Co  Air            12%        ∞         100%        8
 Death's Door             Necr           12%        N/A       100%        9
 Dragon's Call            Summ           12%        N/A       100%        9
 Fire Storm               Conj/Fire      12%        8d3       100%        9
 Polar Vortex             Ice            12%        12d1*     100%        9


Dungeon Overview and Level Annotations

Branches:
Dungeon (15/15)            Temple (0/1) D:7            Lair (5/5) D:9
  Swamp (4/4) Lair:3       Spider (4/4) Lair:3        Slime (5/5) Lair:4
    Orc (2/2) D:10            Elf (3/3) Orc:2        Vaults (5/5) D:13
  Crypt (3/3) Vaults:3       Tomb (3/3) Crypt:3      Depths (4/4) D:15
   Hell (visited)             Dis (7/7) Hell            Geh (7/7) Hell
    Coc (7/7) Hell            Tar (7/7) Hell            Zot (5/5) Depths:4
Ossuary (visited)           IceCv (visited)         Desolation (visited)

Altars:
Ashenzari
Hepliaklqana
Makhleb
Sif Muna
Xom
Yredelemnul
The Shining One
Jiyva

Shops:
Orc:2 [([[   Elf:1 [   Elf:2 ?   Vaults:1 [   Vaults:3 [   Vaults:4 (
Vaults:5 *   Depths:4 :=:(

Portals:
Hell: Depths:1 Depths:2 Depths:3 Depths:4
Abyss: Depths:2 Depths:3
Pandemonium: Depths:2

Annotations:
Lair:3 exclusion: oklob plant
Vaults:2 3 runed translucent doors, Joextigh's ghost, veteran KoHu
Depths:3 1 runed translucent door
Zot:2 36 runed doors


Innate Abilities, Weirdness & Mutations

You are an undying horror.
Your melee and unarmed attacks drain, slow and weaken victims.
You are immune to unholy pain and torment.
You cannot drink.
You are immune to poison.
You cannot wear most types of armour.
You are amphibious.
You can wear up to eight rings at the same time.
Your skin changes colour to match your surroundings (Stealth+).
Your rubbery body absorbs attacks. (AC +1, EV +1)
((You are camouflaged when in or above water. (Stealth+)))
You have tentacles for arms and can constrict up to eight enemies at once.
You have a beak for a mouth.
One of your tentacles bears a nasty spike.
You are mostly covered in iridescent scales. (AC +4)
You have supernaturally acute eyesight. (SInv)
You are very agile. (Dex +8, Str/Int -2)
Your mind is very acute. (Int +8, Str/Dex -2)
You expend magic power (3 MP) to strengthen your wands.


Message History

You squeeze the Orb Guardian, but do no damage.
The Orb Guardian is moderately wounded.
The Orb Guardian completely misses you.
You puncture the Orb Guardian!
The Orb Guardian decays.
You pierce the Orb Guardian.
You peck the Orb Guardian, but do no damage.
You hit the Orb Guardian.
The Orb Guardian decays.
You pierce the Orb Guardian, but do no damage.
Your peck misses the Orb Guardian.
You tentacle-slap the Orb Guardian, but do no damage.
You squeeze the Orb Guardian, but do no damage.
You impale the Orb Guardian!!
The Orb Guardian decays.
You pierce the Orb Guardian!
Your peck misses the Orb Guardian. You tentacle-slap the Orb Guardian.
You kill the Orb Guardian!
Your Spellcasting skill increases to level 20!
You fly upwards.
There is a stone staircase leading down here.
Aiming: Dig
Press: ? - help, Shift-Dir - straight line A rock wall.
This square is covered in magical glow.
You feel a surge of power!
The rock shatters into small pieces.
Aiming: Dig
Press: ? - help, Shift-Dir - straight line A rock wall.
This square is covered in magical glow.
You feel a surge of power!
The rock shatters into small pieces.
Aiming: Dig
Press: ? - help, Shift-Dir - straight line A rock wall.
This square is covered in magical glow.
You feel a surge of power!
The rock shatters into small pieces.
Aiming: Dig
Press: ? - help, Shift-Dir - straight line A rock wall.
This square is covered in magical glow.
You feel a surge of power!
The rock shatters into small pieces.
There is a staircase leading out of the dungeon here.
You have escaped!

####....#.###...# #.# ##.###.##
##..###.##)..# #.# #........
##.## ##.#...# #.# #..#.###. #.##
##....# #.# #...## #. #######
##.##### #.# #..#####.
##8###.###.## #.# ##..#...#.
....###.#### ### #...#.....
....8##..♣♣♣♣♣♣♣♣♣♣♣♣♣♣♣.........
....###.........z.........###.##.
#...# ##.♣♣♣♣♣♣♣♣♣♣♣♣♣♣♣......##.
#...## ### ### ##.######. 8...⌠#
#.# #.# ## #...## #.##########.#
#...# #............# #...##
############## 8...8# #...##


There were no monsters in sight!

Vanquished Creatures
  Cerebov (Pan)
  Antaeus (Coc:7)
  Asmodeus (Geh:7)
  the Royal Jelly (Slime:5)
  Gloorx Vloq (Pan)
  Ereshkigal (Tar:7)
  Lom Lobon (Pan)
  the Serpent of Hell (Tar:7)
  Mnoleg (Pan)
  Dispater (Dis:7)
  12 dread liches
  Khufu (Tomb:3)
  2 ancient liches
  10 orbs of fire
  Mara (Spider:4)
  8 pandemonium lords
  2 juggernauts
  33 royal mummies
  12 shard shrikes
  Saint Roka (Elf:2)
  The ghost of bakla the Merry Gargoyle, a veteran GrHu of Okawaru (Zot:5)
  5 Killer Klowns
  A curse toe (Zot:4)
  the Lernaean hydra (Swamp:4)
  Nikola (Depths:2)
  Geryon (Hell)
  30 caustic shrikes
  14 golden dragons
  5 profane servitors
  13 bone dragons
  Jory (Depths:3)
  11 Brimstone Fiends
  12 doom hounds
  8 electric golems
  13 Tzitzimimeh
  7 iron giants
  11 hellephants
  16 Hell Sentinels
  26 tentacled monstrosities
  25 Orb Guardians
  21 Ice Fiends
  Mlioglotl (Spider:4)
  11 tainted leviathans
  Jorgrun (Elf:2)
  11 titans
  9 liches
  A walking earthen tome (Depths:3)
  The ghost of p00ps00p the Severer, an adept HOFi of Gozag (Swamp:4)
  17 Executioners
  13 acid blobs
  23 searing wretches
  4 deep elf blademasters
  6 quicksilver dragons
  5 deep elf master archers
  12 sphinxes
  7 tentacled starspawn
  10 death cobs
  Murray (Hell)
  28 ancient champions
  12 storm dragons
  Agnes (Elf:1)
  2 revenants
  13 shadow dragons
  9 demonspawn warmongers (Pan)
  11 tengu reavers
  7 draconian monks
  29 narguns
  Aizul (Elf:2)
  26 azure jellies
  12 quicksilver elementals
  10 rockslimes
  7 deep elf sorcerers
  22 fire giants
  9 iron dragons
  49 balrugs
  8 emperor scorpions
  3 spectral juggernauts
  5 frost giants
  The ghost of Biekhle the Arsonist, a journeyman DrVM of Sif Muna (D:14)
  4 imperial myrmidons (Desolation)
  5 ghost moths
  5 draconian scorchers
  2 juggernaut zombies
  7 deep elf elementalists
  27 ironbound preservers
  3 angels
  A caustic shrike zombie (Tomb:3)
  4 orc warlords
  7 spectral caustic shrikes
  17 vault wardens
  4 curse skulls
  5 draconian shifters
  20 cacodemons
  16 reapers
  9 shard shrike simulacra
  5 draconian stormcallers
  10 ghouls
  2 quicksilver oozes (shapeshifter)
  4 demonspawn corrupters (Pan)
  15 stone giants
  9 draconian annihilators
  7 demonspawn blood saints
  35 very ugly things
  26 war gargoyles
  10 ironbound thunderhulks
  6 quicksilver oozes
  3 broodmothers (Spider:1)
  4 spriggan defenders
  14 green draconians
  An eleionoma (Swamp:1)
  2 formless jellyfish (Vaults:2)
  18 putrid mouths
  Nessos (D:12)
  6 bunyips
  11 deep elf demonologists
  13 vampire knights
  20 wendigos
  27 elemental wellsprings
  7 dire elephants
  5 demonspawn black suns (Pan)
  9 black draconians
  15 deep elf annihilators
  9 white draconians
  8 lorocyprocas
  2 spectral titans
  A halazid warlock (Desolation)
  10 purple draconians
  10 spark wasps
  12 bennus
  A spark wasp (shapeshifter) (Depths:4)
  12 green deaths (Pan)
  6 yellow draconians
  10 red draconians
  7 eidola
  16 blizzard demons
  24 mummy priests
  15 deep elf death magi
  2 crystal guardians (Desolation)
  20 iron golems
  Snorg (Orc:2)
  A spectral golden dragon (Tar:1)
  A spectral iron giant (Tar:2)
  13 ragged hierophants (Desolation)
  Josephine (D:12)
  17 jiangshi
  15 great orbs of eyes
  9 fire dragons
  7 ettins
  A shambling mangrove (Swamp:3)
  10 servants of whispers (Desolation)
  A spriggan zombie (Tomb:2)
  5 spectral spriggans
  8 deep elf high priests
  6 rakshasas
  21 yaktaur captains
  9 entropy weavers
  7 ice dragons
  A kraken zombie (Hell)
  A spectral shadow dragon (Tar:2)
  14 spriggan air magi
  13 caustic shrike simulacra
  3 catoblepae
  Erolcha (D:9)
  4 hell beasts
  24 hydras
  A spectral fenstrider witch (Tar:1)
  A bennu zombie (Crypt:2)
  20 stokers
  4 ogre magi
  2 ghost crabs
  13 centaur warriors
  4 juggernaut simulacra
  6 peacekeepers
  26 vault guards
  8 salamander tyrants
  Erica (Orc:1)
  9 ironbound frosthearts
  2 jorogumos (Spider:4)
  A spriggan skeleton (Tomb:1)
  9 alligators
  26 dancing weapons
  An alligator (shapeshifter) (Elf:3)
  6 tengu warriors
  8 boulder beetles
  5 two-headed ogres
  A spectral fire giant (D:14)
  A sphinx skeleton (Zig:7)
  3 deep troll shamans
  A spectral stone giant (Tar:2)
  9 vampire magi
  55 death scarabs
  17 demonic crawlers
  3 satyrs (Zig:8)
  9 death knights
  10 death yaks
  44 hell hogs
  A storm dragon zombie (D:14)
  5 deep troll earth magi
  2 spectral dire elephants
  Urug (D:10)
  An orc high priest (Orc:2)
  6 spriggan berserkers
  A spectral storm dragon (Tar:1)
  4 crystal echidnas
  10 hell knights (Hell)
  A shock serpent (Zig:13)
  3 thrashing horrors
  A spectral naga (Tar:1)
  28 soul eaters
  3 wretched stars
  Sonja (D:11)
  A skyshark (Lair:3)
  62 sun demons
  A spatial maelstrom (Zig:11)
  7 iron trolls
  A salamander mystic (Depths:2)
  38 skeletal warriors
  7 pharaoh ants
  A spectral spark wasp (Depths:1)
  16 deep elf knights
  19 shadow wraiths
  2 death drakes (Depths:4)
  2 spectral anacondas
  9 flayed ghosts
  A bunyip zombie (Hell)
  4 goliath frogs
  2 anaconda zombies
  9 arcanists
  2 spriggan druids
  9 shadow demons
  8 orb spiders
  27 sixfirhies
  8 bog bodies
  18 glowing orange brains
  100 slime creatures
  8 quicksilver dragon simulacra
  59 deep trolls
  14 deep elf archers
  13 swamp dragons
  A tengu zombie (Vaults:1)
  16 ironbound convokers
  A shadow dragon zombie (Crypt:1)
  A steelbarb worm (shapeshifter) (Vaults:4)
  13 lindwurms
  2 spectral iron dragons
  An alligator zombie (Hell)
  14 phantasmal warriors
  3 harpies
  7 occultists
  2 orange crystal statues (Abyss:3)
  5 steelbarb worms
  22 deep elf zephyrmancers
  35 deep elf pyromancers
  A harpy (shapeshifter) (D:13)
  5 orc knights
  9 cyclopes
  A faun (Zig:8)
  4 orc sorcerers
  15 necromancers
  2 human zombies
  3 oklob plants
  An alligator skeleton (Hell)
  2 fire giant zombies (D:14)
  A sphinx simulacrum (D:14)
  36 ugly things
  19 wolf spiders
  6 shining eyes
  2 iron dragon skeletons
  3 salamanders (Depths:2)
  22 moths of wrath
  A worldbinder (Abyss:2)
  8 rust devils
  3 spectral ettins
  6 will-o-the-wisps
  A cyclops (shapeshifter) (Depths:2)
  Maurice (D:8)
  4 centaur zombies
  19 vault sentinels
  14 elephants
  7 guardian serpents
  An elephant (shapeshifter) (D:15)
  An apocalypse crab (Zig:6)
  7 black mambas
  Joseph (D:7)
  3 spectral centaurs
  6 molten gargoyles
  3 eyes of devastation
  6 ice statues
  34 smoke demons
  An alligator snapping turtle zombie (Hell)
  A storm dragon simulacrum (Coc:1)
  A gargoyle (D:13)
  2 human skeletons (Vaults:1)
  7 torpor snails
  22 orange demons
  A black draconian zombie (Crypt:1)
  11 cane toads
  9 titan simulacra
  Jeremiah (D:7)
  33 yaktaurs
  A rime drake (shapeshifter) (Orc:2)
  13 komodo dragons
  Maggie (D:9)
  A naga skeleton (Tomb:1)
  32 hellions
  An orb spider zombie (Crypt:1)
  A centaur skeleton (D:8)
  5 anaconda simulacra
  A sea snake zombie (Hell)
  Psyche (D:11)
  A rime drake (Lair:4)
  2 tengu conjurers
  14 ice devils (IceCv)
  25 freezing wraiths
  2 unseen horrors
  2 iron giant simulacra
  2 kobold demonologists (D:12)
  5 efreet
  2 alligator snapping turtle skeletons
  26 tormentors
  7 ancient zymes
  2 yaktaurs (shapeshifter)
  39 guardian mummies
  8 tyrant leeches
  A yellow draconian skeleton (Crypt:2)
  4 red devils (Pan)
  8 trolls
  4 hydra zombies
  6 meliai
  2 death drake zombies
  A spectral harpy (Tar:2)
  15 hellwings
  A harpy zombie (Crypt:1)
  A bloated husk (Swamp:2)
  5 polar bears
  2 silent spectres (Tar:5)
  37 large abominations
  13 hornets
  2 hydra skeletons
  26 tarantellas
  An alligator simulacrum (Hell)
  15 blink frogs
  A shadow dragon simulacrum (Coc:1)
  3 harpy skeletons
  6 raiju
  2 ettin zombies
  61 saltlings (Desolation)
  2 iron dragon simulacra (Coc:2)
  A snapping turtle (shapeshifter) (Vaults:5)
  2 dream sheep (Lair:5)
  A human simulacrum (Vaults:1)
  7 stone giant simulacra
  A great orb of eyes zombie (Crypt:2)
  A fire giant simulacrum (D:14)
  A slime creature (shapeshifter) (Vaults:5)
  2 vampires
  32 jumping spiders
  A centaur simulacrum (D:14)
  18 spriggans
  A spectral black mamba (Coc:1)
  35 culicivoras
  A spriggan (shapeshifter) (Elf:2)
  73 flying skulls
  50 yaks
  16 ynoxinuls
  8 air elementals
  6 dire elephant simulacra
  7 naga simulacra
  14 wraiths
  3 ettin skeletons
  2 shapeshifters
  5 wyverns
  31 ushabtiu
  22 water elementals
  5 shadows
  22 chaos spawn
  A human (D:10)
  20 golden eyes
  A golden eye (shapeshifter) (Depths:1)
  32 starcursed masses
  6 basilisks
  9 vampire mosquitoes
  Grum (D:11)
  2 fire bats (Pan)
  3 death yak simulacra (IceCv)
  2 fire elementals
  67 redbacks
  35 neqoxecs
  4 wargs
  A glowing shapeshifter zombie (Zig:3)
  A naga zombie (Crypt:1)
  17 harpy simulacra
  13 swamp worms
  An acid dragon (D:11)
  8 hydra simulacra
  12 water moccasins
  3 floating eyes
  12 swamp drakes (Swamp:4)
  A faun skeleton (Crypt:2)
  7 small abominations
  7 hell hounds
  An ice beast (D:6)
  A glowing shapeshifter skeleton (Zig:7)
  A hornet zombie (D:8)
  35 orc warriors
  5 ettin simulacra
  6 black bears
  An ice dragon simulacrum (Crypt:3)
  2 boggarts (Lair:5)
  39 wolves
  10 centaurs
  A hog zombie (Crypt:2)
  9 ogres
  2 phantoms
  An orc skeleton (Vaults:1)
  2 elf zombies (Ossuary)
  8 bullfrogs
  3 kobold brigands
  A yaktaur skeleton (Crypt:1)
  4 scorpions
  9 necrophages
  A glowing shapeshifter simulacrum (Vaults:1)
  3 two-headed ogre simulacra (D:11)
  2 gnoll sergeants
  6 cane toad simulacra (IceCv)
  7 earth elementals
  6 wights
  2 elephant simulacra (IceCv)
  15 killer bees
  2 electric eels
  9 howler monkeys
  A swamp dragon simulacrum (Coc:1)
  4 crimson imps (Pan)
  2 quasits
  31 orc priests
  2 gnoll boudas
  A hound (D:6)
  13 jellies (Lair:4)
  Jessica (D:3)
  A sleepcap (D:6)
  Terence (D:2)
  Natasha (thrice) (D:2)
  14 iguanas
  3 polar bear simulacra (IceCv)
  4 hell rats (Hell)
  29 orc wizards
  15 spriggan simulacra
  2 boggart skeletons
  6 wolf simulacra (IceCv)
  74 mummies
  29 gnolls
  8 adders
  4 shadow imps (D:8)
  4 white imps
  5 ufetubi
  An adder zombie (Crypt:1)
  A lava snake skeleton (Crypt:2)
  A worm (D:4)
  A dart slug (D:5)
  126 orcs
  10 ball pythons
  5 endoplasms
  A giant cockroach (D:3)
  A gnoll zombie (Ossuary)
  6 goblins
  4 hobgoblins
  11 jackals
  15 kobolds
  A quokka (D:1)
  3 bats
  2 frilled lizards (D:3)
  A goblin zombie (Ossuary)
  2 hobgoblin zombies (Ossuary)
  2 kobold zombies (Ossuary)
  2 orc zombies (Ossuary)
  7 rats
  6 creeping infernos
  22 fire vortices
  A lurking horror (Abyss:2)
  4 starspawn tentacles
  A tentacle (Hell)
4520 creatures vanquished.

Vanquished Creatures (collateral kills)
  An iron giant (Dis:7)
  A draconian monk (Depths:4)
  A ghost moth (Spider:2)
  A caustic shrike skeleton (Pan)
  2 lorocyprocas (Pan)
  A white draconian (Zot:5)
  An eidolon (Tar:2)
  An iron golem (Dis:7)
  A juggernaut simulacrum (Coc:7)
  2 death scarabs (Tomb:3)
  A demonic crawler (Pan)
  A skeletal warrior (Crypt:1)
  A spectral ettin (Tar:2)
  An iron dragon skeleton (Pan)
  A guardian mummy (Tomb:3)
  A polar bear (Lair:5)
  A hornet (Lair:5)
  A dream sheep (Lair:5)
  3 spriggans
  A water moccasin (D:6)
  An ice beast (D:6)
  A sky beast (D:6)
  A boggart (Lair:5)
  4 wolves (Lair:5)
  An ogre (D:6)
  7 wights (D:7)
  An orc priest (D:6)
  An orc wizard (D:6)
  A mummy (Tomb:3)
  A white imp (D:7)
  An orc (D:11)
  A kobold (D:9)
45 creatures vanquished.

Vanquished Creatures (others)
  A dread lich (Coc:3)
  An eldritch tentacle (Pan)
  A titan (Coc:6)
  A shard shrike simulacrum (Coc:7)
  A demonspawn blood saint (Zig:10)
  A war gargoyle (Dis:4)
  A very ugly thing (Vaults:2)
  An ogre mage (Depths:3)
  A caustic shrike simulacrum (Coc:3)
  3 dancing weapons
  2 death scarabs (Tomb:3)
  A vampire mage (Depths:3)
  An arcanist (Depths:3)
  A quicksilver dragon simulacrum (Coc:3)
  A slime creature (D:14)
  An occultist (Depths:3)
  2 titan simulacra
  A shadow dragon simulacrum (Coc:1)
  A bloated husk (Swamp:2)
  A tengu simulacrum (Coc:2)
  A hornet (Lair:5)
  A flying skull (Zig:11)
  A basilisk (D:14)
  A naga simulacrum (Coc:1)
  A golden eye (Pan)
  2 redbacks (Spider:4)
  2 chaos spawn (Pan)
  A harpy simulacrum (Coc:3)
  A wolf (Lair:5)
  2 ettin simulacra
  An electric eel (Spider:4)
  An orc zombie (D:5)
  3 ball lightnings (Pan)
  7 creeping infernos
  A fire vortex (Geh:5)
  16 foxfires
  6 starspawn tentacles
  7 tentacles (Hell)
79 creatures vanquished.

Grand Total: 4644 creatures vanquished

Notes
Turn   | Place    | Note
-------+----------+-------------------------------------------
     0 | D:1      | Xavori the Octopode Chaos Knight began the quest for the
                  | Orb.
     0 | D:1      | Reached XP level 1. HP: 16/16 MP: 1/1
    73 | D:1      | XOM: potion effect (haste)
    76 | D:1      | XOM: silly message
    96 | D:1      | XOM: give mutations
    96 | D:1      | Gained mutation: You are partially covered in iridescent
                  | scales. (AC +2) [Xom's grace]
    96 | D:1      | Gained mutation: You expend magic power (3 MP) to
                  | strengthen your wands. [Xom's grace]
    96 | D:1      | Gained mutation: You are agile. (Dex +4, Str/Int -1) [Xom's
                  | grace]
    96 | D:1      | Gained mutation: Your spells are a little harder to cast,
                  | but a little more powerful. [Xom's grace]
   128 | D:1      | XOM: 6-stop teleportation journey
   155 | D:1      | Reached XP level 2. HP: 20/21 MP: 2/2
   208 | D:1      | XOM: swap monsters
   252 | D:1      | XOM: summons 4 hostile shadow creatures
   823 | D:2      | Reached XP level 3. HP: 24/26 MP: 3/3
   855 | D:2      | XOM: 1-stop teleportation journey
   895 | D:2      | XOM: 1-stop teleportation journey
   931 | D:2      | Noticed Terence
   942 | D:2      | Killed Terence
  1016 | D:2      | Noticed Natasha
  1020 | D:2      | Killed Natasha
  1021 | D:2      | Reached XP level 4. HP: 29/33 MP: 4/4
  1152 | D:2      | Noticed Natasha
  1162 | D:2      | Killed Natasha
  1344 | D:2      | Noticed Natasha
  1350 | D:2      | Killed Natasha
  1351 | D:2      | Reached XP level 5. HP: 37/37 MP: 5/5
  1557 | D:3      | Noticed Jessica
  1562 | D:3      | Killed Jessica
  1587 | D:3      | Identified the amulet of Mingakam {Spirit rElec}
  1776 | D:3      | XOM: stat loss: -1 Dex (17/18)
  2336 | D:4      | Noticed a centaur
  2339 | D:4      | XOM: give mutations
  2339 | D:4      | Lost mutation: You expend magic power (3 MP) to strengthen
                  | your wands. [Xom's mischief]
  2339 | D:4      | Gained mutation: You possess an exceptional clarity of
                  | mind. [Xom's mischief]
  2340 | D:4      | a centaur changed into a golden eye
  2340 | D:4      | Noticed a golden eye
  2340 | D:4      | XOM: polymorph centaur -> golden eye
  2344 | D:4      | Killed a golden eye
  2345 | D:4      | Reached XP level 6. HP: 44/44 MP: 4/6
  2471 | D:4      | XOM: cloud trail
  2749 | D:4      | XOM: god gift: 46 gold pieces
  2788 | D:4      | Found a basalt altar of Yredelemnul.
  3052 | D:5      | Entered Level 5 of the Dungeon
  3134 | D:5      | HP: 2/44 [howler monkey (4)]
  3141 | D:5      | Reached XP level 7. HP: 2/49 MP: 1/7
  3232 | D:5      | Found a sand-covered staircase.
  3301 | Ossuary  | Entered an ossuary
  3301 | Ossuary  | Noticed a wraith
  3301 | Ossuary  | Noticed a wraith
  3301 | Ossuary  | Noticed a wraith
  3385 | Ossuary  | Reached skill level 5 in Fighting
  3462 | Ossuary  | XOM: give mutations
  3462 | Ossuary  | Gained mutation: Your flesh is cold resistant. (rC+) [Xom's
                  | mischief]
  3462 | Ossuary  | Gained mutation: Your magical capacity is low. (-10% MP)
                  | [Xom's mischief]
  3462 | Ossuary  | Gained mutation: Your body sometimes deteriorates upon
                  | taking damage. [Xom's mischief]
  3492 | Ossuary  | Noticed a wraith
  3497 | Ossuary  | XOM: confuse monster(s)
  3500 | Ossuary  | Killed a wraith
  3501 | Ossuary  | Reached skill level 5 in Short Blades
  3501 | Ossuary  | Reached skill level 5 in Stealth
  3743 | D:5      | XOM: 1-stop teleportation journey
  3777 | D:5      | Reached XP level 8. HP: 50/55 MP: 7/7
  3874 | D:5      | XOM: blink monster(s)
  3877 | D:5      | XOM: give mutation
  3877 | D:5      | Gained mutation: Your body often deteriorates upon taking
                  | damage. [Xom's mischief]
  4098 | D:4      | XOM: summons 1 hostile shadow creature
  4114 | D:5      | XOM: enchant monster (good)
  4123 | D:5      | Reached skill level 5 in Dodging
  4226 | D:5      | XOM: blink monster(s)
  4725 | D:5      | Found a shimmering altar of Xom.
  4726 | D:5      | Found a shimmering blue altar of Sif Muna.
  4826 | D:6      | XOM: enchant monster (good)
  4842 | D:6      | Reached XP level 9. HP: 23/62 MP: 8/8
  4962 | D:6      | XOM: god gift: encrusted plate armour {god gift}
  4962 | D:6      | Identified the +2 plate armour of Tartarus {Stlth+} (Xom
                  | gifted it to you on level 6 of the Dungeon)
  5028 | D:6      | XOM: polymorph ogre -> warg
  5273 | D:6      | Found a burning altar of Makhleb.
  5306 | D:6      | XOM: cast spell 'Summon Cactus Giant'
  5313 | D:6      | Reached skill level 10 in Stealth
  5426 | D:6      | XOM: summons 2 hostile demons
  5618 | D:7      | XOM: cast spell 'Summon Dragon'
  5676 | D:7      | Noticed Jeremiah
  5689 | D:7      | Killed Jeremiah
  5690 | D:7      | Reached XP level 10. HP: 42/71 MP: 9/9
  5697 | D:7      | XOM: polymorph ice dragon -> radroach
  5815 | D:7      | Noticed Joseph
  5819 | D:7      | Killed Joseph
  5892 | D:7      | Noticed a two-headed ogre
  5892 | D:7      | Noticed a two-headed ogre
  5898 | D:7      | Killed a two-headed ogre
  5902 | D:7      | Killed a two-headed ogre
  5937 | D:7      | XOM: 1-stop teleportation journey
  5951 | D:7      | XOM: scenery: create altars
  6118 | D:7      | Found a staircase to the Ecumenical Temple.
  6482 | D:7      | Found the +8 pair of quick blades "Gyre" and "Gimble"
                  | {protect}
  6497 | D:7      | Learned a level 3 spell: Confusing Touch
  6557 | D:8      | Reached skill level 1 in Evocations
  6582 | D:8      | XOM: confuse monster(s)
  6618 | D:8      | Reached skill level 1 in Hexes
  6632 | D:8      | XOM: silly message
  6641 | D:8      | Reached XP level 11. HP: 53/77 MP: 9/9
  6673 | D:8      | Noticed Maurice
  6689 | D:8      | Killed Maurice
  6861 | D:8      | XOM: silly message
  6901 | D:8      | XOM: noise
  7126 | D:8      | XOM: noise
  7193 | D:9      | Noticed Maggie
  7196 | D:9      | XOM: potion effect (might)
  7201 | D:9      | Killed Maggie
  7272 | D:9      | XOM: noise
  7286 | D:9      | Noticed a death yak
  7288 | D:9      | Noticed a death yak
  7289 | D:9      | Noticed a death yak
  7289 | D:9      | Noticed a death yak
  7300 | D:9      | XOM: enchant monster (good)
  7319 | D:9      | XOM: confuse monster(s)
  7320 | D:9      | Noticed a death yak
  7322 | D:9      | Noticed a death yak
  7324 | D:9      | XOM: blink monster(s)
  7332 | D:9      | Killed a death yak
  7333 | D:9      | Found a staircase to the Lair.
  7333 | D:9      | Noticed Erolcha
  7334 | D:9      | XOM: potion effect (haste)
  7336 | D:9      | XOM: silly message
  7340 | D:9      | Killed Erolcha
  7410 | D:9      | XOM: divination: detect creatures
  7420 | D:9      | XOM: divination: detect creatures
  7422 | D:9      | Killed a death yak
  7424 | D:9      | XOM: cast spell 'Chain of Chaos'
  7426 | D:9      | Killed a death yak
  7435 | D:9      | Killed a death yak
  7435 | D:9      | XOM: cast spell 'Leda's Liquefaction'
  7439 | D:9      | Killed a death yak
  7440 | D:9      | Reached skill level 15 in Stealth
  7442 | D:9      | XOM: cast spell 'Summon Dragon'
  7443 | D:9      | Killed a death yak
  7444 | D:9      | Reached XP level 12. HP: 67/85 MP: 10/10
  7460 | D:9      | XOM: polymorph fire dragon -> wolf spider
  7701 | D:9      | Found a glowing golden altar of the Shining One.
  7701 | D:9      | Found a broken altar of Ashenzari.
  7915 | D:10     | Entered Level 10 of the Dungeon
  7988 | D:10     | XOM: enchant monster (good)
  8031 | D:10     | Found a staircase to the Orcish Mines.
  8036 | D:10     | Noticed Urug
  8048 | D:10     | Reached skill level 5 in Evocations
  8059 | D:10     | XOM: confuse monster(s)
  8067 | D:10     | XOM: smoke on damage
  8107 | D:9      | XOM: silly message
  8221 | D:10     | Killed Urug
  8298 | D:10     | XOM: summons friendly white imp
  8691 | IceCv    | Identified the "Mun Hen"
  8691 | Lair:1   | Entered Level 1 of the Lair of Beasts
  8869 | Lair:1   | Reached skill level 1 in Shapeshifting
  9028 | Lair:1   | XOM: confuse monster(s)
  9030 | Lair:1   | Reached skill level 5 in Hexes
  9314 | Lair:1   | XOM: noise
  9571 | Lair:2   | Reached XP level 13. HP: 92/92 MP: 11/11
  9592 | Lair:2   | XOM: scenery: 3 fountains blood, 1 doors open
 10072 | Lair:2   | Reached skill level 10 in Fighting
 10174 | Lair:2   | Reached skill level 10 in Short Blades
 10445 | Lair:3   | XOM: noise
 10493 | Lair:3   | XOM: enchant monster (bad)
 10493 | Lair:3   | XOM: smoke on damage
 10558 | Lair:3   | XOM: swap monsters
 10566 | Lair:3   | XOM: 2-stop teleportation journey
 10567 | Lair:3   | XOM: silly message
 10572 | Lair:3   | XOM: summons friendly crimson imp
 10575 | Lair:3   | XOM: summons 2 hostile shadow creatures
 10709 | Lair:3   | XOM: polymorph crimson imp -> iron imp
 10712 | Lair:3   | Reached skill level 10 in Dodging
 11008 | Lair:3   | XOM: 5-stop teleportation journey
 11116 | Lair:3   | a wolf spider changed into a great orb of eyes
 11116 | Lair:3   | Noticed a great orb of eyes
 11116 | Lair:3   | XOM: polymorph wolf spider -> great orb of eyes
 11118 | Lair:3   | XOM: cleaving
 11123 | Lair:3   | Killed a great orb of eyes
 11220 | Lair:3   | Found a hole to the Spider Nest.
 11266 | Lair:3   | XOM: silly message
 11273 | Lair:3   | Reached XP level 14. HP: 86/99 MP: 12/12
 11291 | Lair:3   | Identified the ring of the Heron {Fly Dex+2}
 11426 | Lair:3   | Found a staircase to the Swamp.
 11562 | Lair:3   | XOM: torment (56/99 hp)
 11810 | Lair:4   | XOM: 1-stop teleportation journey
 11814 | Lair:4   | XOM: blink monster(s)
 11864 | Lair:4   | XOM: cast spell 'Summon Mana Viper'
 11868 | Lair:4   | XOM: divination: detect items
 11870 | Lair:4   | XOM: butterfly on damage
 11878 | Lair:4   | XOM: 1-stop teleportation journey
 11967 | Lair:4   | Found a staircase to the Slime Pits.
 11985 | Lair:4   | XOM: fog
 12095 | Lair:4   | XOM: god gift: wand of flame (6)
 12169 | Lair:4   | Found the +1 robe of Vines {NoPotionHeal Regen++++}
 12174 | Lair:4   | XOM: fog
 12464 | Lair:4   | XOM: potion effect (haste)
 12466 | Lair:4   | Reached skill level 5 in Shapeshifting
 12491 | Lair:4   | XOM: god gift: robe {god gift}
 12594 | Lair:5   | Entered Level 5 of the Lair of Beasts
 12604 | Lair:5   | XOM: scenery: summon butterflies
 12681 | Lair:5   | XOM: divine lightning
 12728 | Lair:5   | XOM: 1-stop teleportation journey
 12758 | Lair:5   | XOM: scenery: summon butterflies
 12975 | Lair:5   | Identified the +4 chain mail of the Northern Lights {rCorr
                  | Dex+2}
 13153 | Lair:5   | XOM: god gift: buckler {god gift}
 13443 | D:11     | XOM: noise
 13454 | D:11     | Noticed Sonja
 13456 | D:11     | Noticed Psyche
 13457 | D:11     | Killed Sonja
 13458 | D:11     | Reached XP level 15. HP: 107/107 MP: 13/13
 13472 | D:11     | Killed Psyche
 13604 | D:11     | Noticed Grum
 13621 | D:11     | Killed Grum
 13630 | D:11     | Found a frozen archway.
 13648 | IceCv    | Entered an ice cave
 13815 | IceCv    | Found an ancient bone altar of Kikubaaqudgha.
 14161 | D:11     | XOM: summons friendly crimson imp
 14168 | D:11     | XOM: god gift: javelin
 14401 | D:11     | XOM: god gift: 11 gold pieces
 14449 | D:11     | XOM: god gift: 26 gold pieces
 14471 | D:11     | XOM: scenery: 1 doors open, 2 doors close
 14704 | Orc:1    | Entered Level 1 of the Orcish Mines
 14754 | Orc:1    | Noticed Erica
 14764 | Orc:1    | XOM: enchant monster (good)
 14766 | Orc:1    | Killed Erica
 14874 | Orc:2    | Entered Level 2 of the Orcish Mines
 14942 | Orc:2    | XOM: polymorph warg -> blink frog
 15046 | Orc:2    | Noticed an orc warlord
 15048 | Orc:2    | Found Hacralap's Antique Armour Shop.
 15096 | Orc:2    | Killed an orc warlord
 15118 | Orc:2    | Found Ufer's Antique Weapon Boutique.
 15187 | Orc:2    | Noticed Snorg
 15197 | Orc:2    | Killed Snorg
 15244 | Orc:2    | Noticed an orc warlord
 15259 | Orc:2    | Killed an orc warlord
 15317 | Orc:2    | XOM: polymorph ogre -> shapeshifter
 15375 | Orc:2    | Found Koteor's Armour Shoppe.
 15376 | Orc:2    | XOM: god gift: 830 gold pieces
 15451 | Orc:2    | Found Utsaiwk's Antique Armour Shop.
 15465 | Orc:2    | XOM: cast spell 'Alistair's Intoxication'
 15568 | Orc:2    | XOM: 2-stop teleportation journey
 15631 | Orc:2    | Found a staircase to the Elven Halls.
 16113 | D:12     | XOM: scenery: summon butterflies
 16214 | D:12     | XOM: scenery: create altars
 16220 | D:12     | XOM: 5-stop teleportation journey
 16266 | D:12     | XOM is BORED!
 16266 | D:12     | XOM: summons 3 hostile shadow creatures
 16303 | D:12     | Found a burning altar of Makhleb.
 16303 | D:12     | Noticed an Executioner
 16353 | D:12     | Noticed Josephine
 16356 | D:12     | XOM: scenery: summon butterflies
 16366 | D:12     | Killed Josephine
 16367 | D:12     | XOM: scenery: summon butterflies
 16657 | D:12     | Noticed Nessos
 16664 | D:12     | Killed Nessos
 16712 | D:12     | XOM: divination: magic mapping
 16715 | D:12     | XOM: divination: detect items
 16777 | D:12     | XOM: god gift: +6 ring of strength
 16852 | D:13     | XOM: noise
 16864 | D:13     | XOM: scenery: 3 doors open
 17216 | D:13     | Found a gate to the Vaults.
 17222 | D:13     | Reached XP level 16. HP: 116/116 MP: 14/14
 17360 | D:13     | XOM: 1-stop teleportation journey
 17438 | D:13     | You are sucked into a shaft and drop 2 floors!
 17438 | D:15     | Entered Level 15 of the Dungeon
 17511 | D:14     | XOM: divine lightning
 17534 | D:14     | XOM: enchant monster (good)
 17535 | D:14     | XOM: polymorph manticore -> guardian serpent
 17536 | D:14     | XOM: cleaving
 17685 | D:13     | XOM: divination: magic mapping
 17832 | D:13     | XOM: silly message
 18024 | D:13     | XOM: silly message
 18072 | D:13     | XOM: silly message
 18313 | Spider:1 | Entered Level 1 of the Spider Nest
 18347 | Spider:1 | XOM: confuse monster(s)
 18360 | Spider:1 | XOM: divination: detect creatures
 18532 | Spider:1 | Reached skill level 10 in Shapeshifting
 18680 | Spider:1 | XOM: noise
 18771 | Spider:1 | XOM: polymorph redback -> guardian serpent
 18989 | Spider:1 | You are sucked into a shaft and drop 1 floor!
 18994 | Spider:2 | XOM: polymorph redback -> glowing orange brain
 18996 | Spider:2 | XOM: enchant monster (bad)
 19007 | Spider:2 | XOM: summons 9 hostile demons
 19315 | Spider:2 | XOM: 5-stop teleportation journey
 19482 | Spider:2 | Reached XP level 17. HP: 121/121 MP: 3/15
 19925 | Spider:2 | XOM: cloud trail
 20121 | Spider:2 | XOM: divination: magic mapping
 20652 | Spider:1 | XOM: summons 9 hostile demons
 20677 | Spider:1 | Identified the ring "Coick" {rElec rPois rC- Int+3 Dex+10}
                  | (Xom gifted it to you on level 1 of the Spider Nest)
 20677 | Spider:1 | XOM: god gift: ring "Coick" {rElec rPois rC- Int+3 Dex+10}
 20939 | Spider:3 | XOM: summons 4 friendly demons
 21122 | Spider:3 | XOM: give mutations
 21122 | Spider:3 | Gained mutation: Your mind is acute. (Int +4, Str/Dex -1)
                  | [Xom's grace]
 21122 | Spider:3 | Gained mutation: You expend magic power (3 MP) to
                  | strengthen your wands. [Xom's grace]
 21155 | Spider:3 | XOM: summons friendly white imp
 21162 | Spider:3 | XOM: summons 5 friendly demons
 21551 | Spider:4 | Entered Level 4 of the Spider Nest
 21562 | Spider:4 | Noticed Mara
 21569 | Spider:4 | Killed Mara
 21711 | Spider:4 | XOM: destruction
 21717 | Spider:4 | XOM: 3-stop teleportation journey
 22139 | Spider:4 | XOM: silly message
 22252 | Spider:4 | XOM: potion effect (haste)
 22262 | Spider:4 | XOM: silly message
 22294 | Spider:4 | Noticed Mlioglotl
 22332 | Spider:4 | XOM: confuse monster(s)
 22336 | Spider:4 | Killed Mlioglotl
 22424 | Spider:4 | XOM: fake destruction
 22427 | Spider:4 | XOM: divination: detect items
 22481 | Spider:4 | XOM: cloud trail
 22526 | Spider:4 | XOM: confuse monster(s)
 22904 | Spider:4 | Reached XP level 18. HP: 117/127 MP: 13/16
 22989 | Spider:4 | Got a gossamer rune of Zot
 23215 | Spider:3 | XOM: stat loss: -1 Dex (29/31)
 23308 | Swamp:1  | Entered Level 1 of the Swamp
 23482 | Swamp:1  | XOM: cast spell 'Death Channel'
 23526 | Swamp:1  | XOM: scenery: summon butterflies
 23757 | Swamp:2  | XOM: polymorph tyrant leech -> quicksilver ooze
 23857 | Swamp:2  | Identified the +4 short sword "Octopus's Regret" {freeze,
                  | rC+ Str+3}
 23899 | Swamp:2  | XOM: smoke on damage
 24008 | Swamp:2  | You fall into a shaft and drop 1 floor!
 24008 | Swamp:3  | XOM: stealth player
 24011 | Swamp:3  | XOM: polymorph bunyip -> something unseen
 24478 | Swamp:3  | XOM: summons 2 friendly demons
 24483 | Swamp:3  | XOM: draining
 24552 | Swamp:3  | XOM: summons 4 hostile shadow creatures
 24564 | Swamp:3  | XOM: chaos upgrade
 24665 | Swamp:3  | XOM: give mutations
 24665 | Swamp:3  | Lost mutation: Your body often deteriorates upon taking
                  | damage. [Xom's mischief]
 24665 | Swamp:3  | Lost mutation: Your body sometimes deteriorates upon taking
                  | damage. [Xom's mischief]
 24694 | Swamp:3  | XOM: 1-stop teleportation journey
 24860 | Swamp:3  | XOM: scenery: summon butterflies
 25022 | Swamp:4  | Entered Level 4 of the Swamp
 25022 | Swamp:4  | Found a runed translucent door.
 25035 | Swamp:4  | Noticed a tentacled monstrosity
 25042 | Swamp:4  | XOM: cast spell 'Cause Fear'
 25043 | Swamp:4  | XOM: polymorph eleionoma -> sphinx
 25044 | Swamp:4  | XOM: enchant monster (bad)
 25045 | Swamp:4  | Killed a tentacled monstrosity
 25132 | Swamp:4  | Reached skill level 15 in Short Blades
 25138 | Swamp:4  | Noticed the 27-headed Lernaean hydra
 25138 | Swamp:4  | XOM: 5-stop teleportation journey
 25164 | Swamp:4  | Killed the 27-headed Lernaean hydra
 25165 | Swamp:4  | XOM: cast spell 'Dispersal'
 25200 | Swamp:4  | Learned a level 2 spell: Blink
 25213 | Swamp:4  | Got a decaying rune of Zot
 25418 | Swamp:4  | Noticed p00ps00p's ghost (adept HOFi)
 25419 | Swamp:4  | Identified the +1 trident of Bourpher {antimagic, Will-
                  | Str+5 Dex+6}
 25436 | Swamp:4  | XOM: confuse monster(s)
 25443 | Swamp:4  | XOM: enchant monster (good)
 25454 | Swamp:4  | Killed p00ps00p's ghost
 25455 | Swamp:4  | Reached XP level 19. HP: 114/133 MP: 11/17
 25509 | Swamp:4  | Identified the ring of Suroptod {Ice Str+6}
 25747 | Vaults:1 | Entered Level 1 of the Vaults
 25808 | Vaults:1 | Reached skill level 1 in Translocations
 25813 | Vaults:1 | XOM: potion effect (brilliance)
 26082 | Vaults:1 | XOM: divination: magic mapping
 26123 | Vaults:1 | XOM: give mutations
 26123 | Vaults:1 | Lost mutation: Your flesh is cold resistant. (rC+) [Xom's
                  | mischief]
 26123 | Vaults:1 | Lost mutation: Your magical capacity is low. (-10% MP)
                  | [Xom's mischief]
 26123 | Vaults:1 | Lost mutation: You possess an exceptional clarity of mind.
                  | [Xom's mischief]
 26123 | Vaults:1 | Lost mutation: Your spells are a little harder to cast, but
                  | a little more powerful. [Xom's mischief]
 26156 | Vaults:1 | XOM: repel stairs
 26173 | Vaults:1 | Reached skill level 15 in Shapeshifting
 26264 | Vaults:1 | XOM: divine lightning
 26454 | Vaults:1 | Found Paz Qoho's Armour Shop.
 26552 | Vaults:1 | XOM: noise
 26588 | Vaults:1 | XOM: give mutations
 26588 | Vaults:1 | Gained mutation: One of your tentacles bears a spike.
                  | [Xom's mischief]
 26588 | Vaults:1 | Lost mutation: You are agile. (Dex +4, Str/Int -1) [Xom's
                  | mischief]
 26673 | Vaults:1 | XOM: summons 1 hostile demon
 26960 | Vaults:2 | XOM: enchant monster (bad)
 27041 | Vaults:2 | Reached skill level 15 in Dodging
 27218 | Vaults:2 | Found a runed translucent gate.
 27218 | Vaults:2 | Found a runed translucent gate.
 27218 | Vaults:2 | Found a runed translucent gate.
 27218 | Vaults:2 | Noticed a tentacled monstrosity
 27428 | Vaults:2 | XOM: 3-stop teleportation journey
 27492 | Vaults:2 | Reached XP level 20. HP: 139/139 MP: 20/20
 27521 | Vaults:2 | XOM: summons 4 friendly demons
 27892 | Vaults:2 | XOM: cleaving
 27904 | Vaults:2 | XOM: enchant monster (good)
 27923 | Vaults:2 | XOM: enchant monster (good)
 27926 | Vaults:2 | XOM: divination: detect items
 27931 | Vaults:2 | XOM: swap monsters
 27987 | Vaults:2 | XOM: scenery: 2 doors close
 28071 | Vaults:2 | XOM: 1-stop teleportation journey
 28129 | Vaults:2 | XOM: enchant monster (good)
 28131 | Vaults:2 | XOM: scenery: 3 doors close
 28142 | Vaults:2 | XOM: potion effect (brilliance)
 28152 | Vaults:2 | Found a runed translucent gate.
 28152 | Vaults:2 | Found a runed translucent gate.
 28156 | Vaults:2 | Found a runed translucent gate.
 28161 | Vaults:2 | Noticed Joextigh's ghost (veteran KoHu)
 28223 | Desolati | Identified the "Kaiph"
 28230 | Vaults:3 | XOM: 2-stop teleportation journey
 28421 | Vaults:3 | Found a crumbling gateway.
 28430 | Desolati | Entered the Desolation of Salt
 28490 | Desolati | XOM: blink monster(s)
 28496 | Desolati | Identified the ring "Xyurirru" {MP+9 Int+5}
 28658 | Desolati | XOM: silly message
 28681 | Desolati | XOM: 1-stop teleportation journey
 28751 | Desolati | XOM: 2-stop teleportation journey
 28786 | Desolati | XOM: confuse monster(s)
 28787 | Desolati | XOM: noise
 28790 | Desolati | XOM: noise
 28815 | Desolati | XOM: noise
 28822 | Desolati | Reached XP level 21. HP: 144/144 MP: 21/21
 28827 | Desolati | Identified the amulet "Tuwn" {RegenMP rElec rC+ Str+3}
 28855 | Desolati | Identified the +1 great sword "Icaif" {elec, *Corrode rElec
                  | Str+2 Dex+3}
 28862 | Desolati | XOM: scenery: create altars
 28941 | Desolati | Identified the ring of Ciyn {Fly Will- Dex+3 Slay+3}
 28958 | Desolati | XOM: fog
 29088 | Desolati | XOM: 3-stop teleportation journey
 29229 | Vaults:3 | Found Cakixautt's Antique Armour Emporium.
 29364 | Vaults:3 | XOM: cast spell 'Chain of Chaos'
 29371 | Vaults:3 | XOM: cast spell 'Summon Mana Viper'
 29535 | Vaults:3 | XOM: give mutations
 29535 | Vaults:3 | Gained mutation: One of your tentacles bears a nasty spike.
                  | [Xom's mischief]
 29535 | Vaults:3 | Gained mutation: You have a beak for a mouth. [Xom's
                  | mischief]
 29535 | Vaults:3 | Lost mutation: One of your tentacles bears a nasty spike.
                  | [Xom's mischief]
 29535 | Vaults:3 | Lost mutation: Your mind is acute. (Int +4, Str/Dex -1)
                  | [Xom's mischief]
 29749 | Vaults:3 | Found a staircase to the Crypt.
 29812 | Vaults:3 | XOM: silly message
 30005 | Vaults:5 | Identified the of Rennog
 30005 | Crypt:1  | Entered Level 1 of the Crypt
 30009 | Crypt:1  | Identified the +0 hat of the Komodo Dragon {rC+ Will- rCorr
                  | MP+9}
 30092 | Crypt:1  | XOM: summons 2 friendly demons
 30204 | Crypt:1  | XOM: divination: magic mapping
 30270 | Crypt:1  | XOM: summons 15 friendly demons
 30449 | Crypt:1  | XOM: cloud trail
 30549 | Crypt:1  | XOM: enchant monster (good)
 30560 | Crypt:1  | XOM: 8-stop teleportation journey
 30647 | Crypt:1  | XOM: scenery: 6 doors close
 30738 | Crypt:2  | XOM: confuse monster(s)
 30744 | Crypt:2  | XOM: potion effect (berserk rage)
 30759 | Crypt:2  | XOM: divination: magic mapping
 30783 | Crypt:2  | XOM: enchant monster (bad)
 31013 | Crypt:2  | XOM: confuse monster(s)
 31087 | Crypt:2  | XOM: summons 2 friendly demons
 31099 | Crypt:2  | Identified the +8 chain mail of Dogmatism {Harm rElec rPois
                  | Dex-3}
 31474 | Crypt:3  | Entered Level 3 of the Crypt
 31492 | Crypt:3  | Reached XP level 22. HP: 152/152 MP: 22/22
 31524 | Crypt:3  | XOM: give mutations
 31524 | Crypt:3  | Gained mutation: You have supernaturally acute eyesight.
                  | (SInv) [Xom's grace]
 31524 | Crypt:3  | Gained mutation: You are mostly covered in iridescent
                  | scales. (AC +4) [Xom's grace]
 31571 | Crypt:3  | XOM: give mutations
 31571 | Crypt:3  | Gained mutation: You are agile. (Dex +4, Str/Int -1) [Xom's
                  | grace]
 31571 | Crypt:3  | Gained mutation: You are very agile. (Dex +8, Str/Int -2)
                  | [Xom's grace]
 31571 | Crypt:3  | Gained mutation: Your natural rate of healing is unusually
                  | fast. [Xom's grace]
 31571 | Crypt:3  | Gained mutation: Your system is resistant to poisons.
                  | (rPois) [Xom's grace]
 31671 | Crypt:3  | Found a basalt altar of Yredelemnul.
 31780 | Crypt:3  | XOM: enchant monster (good)
 31790 | Crypt:3  | XOM: enchant monster (good)
 31805 | Crypt:3  | Noticed a profane servitor
 31809 | Crypt:3  | Killed a profane servitor
 31818 | Crypt:3  | Identified the staff of the Lettuce {rPois Dex+3 Poison}
 31885 | Crypt:3  | Reached skill level 27 in Stealth
 32025 | Crypt:3  | XOM: cleaving
 32119 | Crypt:3  | XOM: divination: magic mapping
 32140 | Crypt:3  | Found a staircase to the Tomb.
 32163 | Crypt:3  | XOM: god gift: robe {god gift}
 32230 | Crypt:3  | XOM: confuse monster(s)
 32290 | Crypt:3  | Identified the ring of the Everdark {Fire Str+4 SInv}
 32668 | Depths:3 | Identified the of Likhlymaett
 32668 | Depths:3 | Identified the of Wuiklen
 32668 | Elf:1    | Identified the "Fukohouv"
 32668 | Elf:1    | Entered Level 1 of the Elven Halls
 32704 | Elf:1    | Identified the +3 kite shield "Tylisec" {rCorr}
 32749 | Elf:1    | Noticed Agnes
 32756 | Elf:1    | Killed Agnes
 32832 | Elf:1    | XOM: cloud trail
 32961 | Elf:1    | Found Kurghobo's Armour Boutique.
 33193 | Elf:1    | XOM: give mutations
 33193 | Elf:1    | Gained mutation: One of your tentacles bears a nasty spike.
                  | [Xom's grace]
 33193 | Elf:1    | Gained mutation: You are strong-willed. (Will+) [Xom's
                  | grace]
 33193 | Elf:1    | Gained mutation: One of your tentacles bears a large
                  | vicious spike. [Xom's grace]
 33193 | Elf:1    | Gained mutation: Your mind is acute. (Int +4, Str/Dex -1)
                  | [Xom's grace]
 33883 | Elf:2    | Found a runed translucent gate.
 33885 | Elf:2    | Found a runed translucent gate.
 33889 | Elf:2    | Found a runed translucent gate.
 34066 | Elf:2    | Found Ahoot's Magic Scroll Shoppe.
 34069 | Elf:2    | Bought a scroll of fear for 56 gold pieces
 34171 | Elf:2    | Reached XP level 23. HP: 160/160 MP: 23/23
 34174 | Elf:2    | Noticed Jorgrun
 34175 | Elf:2    | Noticed Aizul
 34176 | Elf:2    | Noticed Saint Roka
 34179 | Elf:2    | Killed Jorgrun
 34186 | Elf:2    | Killed Aizul
 34202 | Elf:2    | Killed Saint Roka
 34568 | Elf:3    | Identified the of Sudog
 34568 | Elf:3    | Identified the "Pady"
 34568 | Elf:3    | Identified the "Pianwup"
 34568 | Elf:3    | Identified the "Mestrent"
 34568 | Elf:3    | Identified the "Zulabiog"
 34568 | Elf:3    | Identified the "Piepuell"
 34568 | Elf:3    | Identified the "Raaqaesh"
 34568 | Elf:3    | Entered Level 3 of the Elven Halls
 34713 | Elf:3    | Identified the +0 chain mail of Responsibility {Rampage
                  | rCorr Stlth+}
 34801 | Elf:3    | Identified the +3 trident of Lotz {heavy, rPois rF- rN+++
                  | Str-3}
 34801 | Elf:3    | Identified the ring "Legieng" {rF+ MP+9 Slay+2}
 34815 | Elf:3    | XOM: summons friendly quasit
 34829 | Elf:3    | Identified the +0 troll leather armour "Vymper" {Regen+
                  | Str+2}
 34829 | Elf:3    | Identified the amulet of Discretion {Rampage +Blink rC+++
                  | Regen+ Str-4}
 34829 | Elf:3    | Identified the ring "Xeyfimu" {rC- Str+2 Int+6 Dex+2 SInv}
 34830 | Elf:3    | XOM: divination: detect items
 34833 | Elf:3    | XOM: confuse monster(s)
 34845 | Elf:3    | XOM: silly message
 34892 | Elf:3    | XOM: noise
 34953 | Elf:3    | Identified the staff of the Ecumenical Temple {rPois rN+
                  | Will+ MP+9 Poison}
 34981 | Elf:3    | XOM: cloud trail
 35097 | Elf:3    | Found Faociok's Armour Shoppe.
 35296 | Elf:3    | XOM: noise
 35827 | Vaults:4 | XOM: confuse monster(s)
 35866 | Vaults:4 | Reached skill level 15 in Fighting
 35912 | Vaults:4 | XOM: summons friendly ufetubus
 36126 | Vaults:4 | XOM: 6-stop teleportation journey
 36413 | Vaults:4 | Reached XP level 24. HP: 170/170 MP: 23/23
 36544 | Vaults:4 | Found Zaebliura's Weapon Shoppe.
 36612 | Vaults:4 | XOM: potion effect (might)
 36704 | Vaults:5 | Entered Level 5 of the Vaults
 36706 | Vaults:5 | XOM: silly message
 36713 | Vaults:5 | XOM: silly message
 36717 | Vaults:5 | XOM: potion effect (brilliance)
 36772 | Vaults:5 | XOM: potion effect (berserk rage)
 36775 | Vaults:4 | XOM: potion effect (curing)
 36812 | Vaults:5 | XOM: repel stairs
 36814 | Vaults:5 | XOM: enchant monster (good)
 36818 | Vaults:5 | XOM: polymorph yaktaur captain -> five-headed hydra
 36819 | Vaults:5 | XOM: summons 2 friendly demons
 36883 | Vaults:5 | Identified the staff "Giant's Doom" {rF+ rC+ Str+3 Ice}
 36884 | Vaults:5 | Identified the +0 robe of Cinwoud {rElec rPois rC+ Will++
                  | Int+4}
 36928 | Vaults:5 | Noticed an ancient lich
 36935 | Vaults:5 | Killed an ancient lich
 37190 | Vaults:5 | XOM: polymorph hellion -> hell beast
 37237 | Vaults:5 | Found Noazox's General Store.
 37237 | Vaults:5 | Found the +7 captain's cutlass {speed, disarm}
 37243 | Vaults:5 | XOM: cast spell 'Disjunction'
 37259 | Vaults:5 | XOM: potion effect (might)
 37269 | Vaults:5 | XOM: give mutations
 37269 | Vaults:5 | Lost mutation: You are strong-willed. (Will+) [Xom's
                  | mischief]
 37269 | Vaults:5 | Gained mutation: Your mind is very acute. (Int +8, Str/Dex
                  | -2) [Xom's mischief]
 37269 | Vaults:5 | Lost mutation: Your natural rate of healing is unusually
                  | fast. [Xom's mischief]
 37273 | Vaults:5 | Bought a scroll of brand weapon for 180 gold pieces
 37379 | Vaults:5 | Identified the +8 whip of Vameih {venom, Str+4 Dex+3}
 37407 | Vaults:5 | XOM: cleaving
 37408 | Vaults:5 | XOM: confuse monster(s)
 37466 | Vaults:5 | Got a silver rune of Zot
 37475 | Vaults:5 | Identified the +1 scimitar of Makhleb's Supremacy {freeze,
                  | Will+ Int+3}
 37506 | Vaults:5 | Identified the staff "Fygi" {Fly Int+2 Earth}
 37646 | Vaults:5 | Identified the ring "Teonames" {Fly rPois Int+5}
 37678 | Vaults:5 | XOM: potion effect (haste)
 37703 | Vaults:5 | Reached XP level 25. HP: 177/177 MP: 23/23
 38401 | D:14     | Found a runed translucent gate.
 38402 | D:14     | Found a runed translucent gate.
 38404 | D:14     | Found a runed translucent gate.
 38405 | D:14     | Noticed Biekhle's ghost (journeyman DrVM)
 38416 | D:14     | Killed Biekhle's ghost
 38416 | D:14     | XOM: noise
 38447 | D:14     | Identified the +8 short sword of the Scroll {venom, rC-
                  | Dex+2 SInv}
 38499 | D:14     | XOM: give mutations
 38499 | D:14     | Lost mutation: Your system is resistant to poisons. (rPois)
                  | [Xom's mischief]
 38499 | D:14     | Lost mutation: One of your tentacles bears a large vicious
                  | spike. [Xom's mischief]
 38499 | D:14     | Lost mutation: Your mind is very acute. (Int +8, Str/Dex
                  | -2) [Xom's mischief]
 38524 | D:14     | XOM: summons 9 hostile demons
 38694 | D:15     | XOM: divination: detect items
 38721 | D:15     | Found a basalt altar of Yredelemnul.
 38754 | D:15     | Found a staircase to the Depths.
 38801 | D:15     | Identified the amulet "Qanehoemukk" {Spirit rElec Str+2}
 38839 | D:15     | XOM: divination: detect items
 39140 | D:15     | XOM: god gift: 32 gold pieces
 39516 | D:15     | XOM: noise
 39518 | Depths:1 | Entered Level 1 of the Depths
 39798 | Depths:1 | XOM: enchant monster (good)
 39849 | Depths:1 | XOM: silly message
 39891 | Depths:1 | Found a gateway to Hell.
 40055 | Depths:1 | Found a hazy altar of Hepliaklqana.
 40163 | Depths:1 | XOM: cloud trail
 40405 | Depths:2 | Noticed a juggernaut
 40416 | Depths:2 | Killed a juggernaut
 40471 | Depths:2 | XOM: blink monster(s)
 40472 | Depths:2 | XOM: silly message
 40495 | Depths:2 | Found a one-way gate to the infinite horrors of the Abyss.
 40524 | Depths:2 | XOM: cast spell 'Chain of Chaos'
 40576 | Depths:2 | XOM: confuse monster(s)
 40918 | Depths:2 | Noticed Nikola
 40924 | Depths:2 | XOM: potion effect (brilliance)
 40931 | Depths:2 | Killed Nikola
 41082 | Depths:2 | Found a one-way gate leading to the halls of Pandemonium.
 41261 | Depths:2 | XOM: silly message
 41540 | Depths:3 | Found a one-way gateway to a ziggurat.
 41853 | Depths:3 | Reached XP level 26. HP: 187/187 MP: 23/23
 41858 | Depths:3 | Found a runed translucent door.
 42042 | Depths:3 | XOM: god gift: book of Conjurations
 42070 | Depths:3 | Noticed Jory
 42081 | Depths:3 | Paralysed by a vampire knight for 5 turns
 42084 | Depths:3 | XOM: confuse monster(s)
 42093 | Depths:3 | Killed Jory
 42098 | Depths:3 | XOM: divination: magic mapping
 42217 | Depths:3 | Found a runed translucent door.
 42218 | Depths:3 | Noticed a juggernaut
 42231 | Depths:3 | Noticed a dread lich
 42231 | Depths:3 | XOM: cast spell 'Summon Horrible Things'
 42259 | Depths:3 | XOM: scenery: 1 doors open
 42260 | Depths:3 | Paralysed by a floating eye for 4 turns
 42265 | Depths:3 | XOM: scenery: create altars
 42266 | Depths:3 | Killed a dread lich
 42269 | Depths:3 | XOM: divine lightning
 42269 | Depths:3 | Paralysed by a floating eye for 3 turns
 42275 | Depths:3 | Killed a juggernaut
 42290 | Depths:3 | Paralysed by a floating eye for 4 turns
 42291 | Depths:3 | XOM: potion effect (heal wounds)
 42298 | Depths:3 | Paralysed by a floating eye for 4 turns
 42302 | Depths:3 | XOM: potion effect (berserk rage)
 42330 | Depths:3 | Identified the staff "Luiw" {rElec Str+2 SInv Air}
 42386 | Depths:4 | Entered Level 4 of the Depths
 42389 | Depths:4 | XOM: potion effect (heal wounds)
 42392 | Depths:4 | XOM: potion effect (experience)
 42392 | Depths:4 | Reached skill level 1 in Shields
 42392 | Depths:4 | Reached XP level 27. HP: 195/195 MP: 23/23
 42496 | Depths:4 | XOM: divination: detect creatures
 42547 | Depths:4 | XOM: potion effect (invisibility)
 42579 | Depths:4 | XOM: silly message
 42664 | Depths:4 | XOM: blink monster(s)
 42725 | Depths:4 | Found Celaud's Antique Weapon Boutique.
 42834 | Depths:4 | Found Seen's Book Boutique.
 42834 | Depths:4 | Found Liappil's Jewellery Emporium.
 42835 | Depths:4 | Found Wexkoenei's Book Boutique.
 42841 | Depths:4 | Bought a manual of Hexes for 1600 gold pieces
 42843 | Depths:4 | Bought the ring "Ynukid" {rF+ rC+ AC+4 Dex+4} for 719 gold
                  | pieces
 42851 | Depths:4 | Bought a talisman of death for 1250 gold pieces
 42912 | Depths:4 | XOM: cloud trail
 42960 | Depths:4 | Found a gate to the Realm of Zot.
 42966 | Depths:4 | XOM: scenery: 2 doors close
 42971 | Depths:4 | XOM: scenery: 2 doors open
 42981 | Depths:4 | XOM: blink monster(s)
 42985 | Depths:4 | Reached skill level 1 in Spellcasting
 42990 | Depths:4 | XOM: blink monster(s)
 43073 | Depths:4 | XOM: summons friendly ufetubus
 43557 | Zot:3    | Identified the of Biomi
 43557 | Zot:3    | Identified the "Apyeta Dune"
 43557 | Slime:1  | Entered Level 1 of the Pits of Slime
 43588 | Slime:1  | You are sucked into a shaft and drop 1 floor!
 43619 | Slime:3  | XOM: scenery: summon butterflies
 43629 | Slime:3  | XOM: enchant monster (good)
 43649 | Slime:4  | XOM: divination: magic mapping
 43738 | Slime:4  | XOM: smoke on damage
 43796 | Slime:5  | Entered Level 5 of the Pits of Slime
 43852 | Slime:5  | Found a viscous altar of Jiyva.
 43941 | Slime:5  | Noticed the Royal Jelly
 43944 | Slime:5  | Killed the Royal Jelly
 43944 | Slime:5  | XOM: cast spell 'Leda's Liquefaction'
 43973 | Slime:4  | XOM: god gift: 2 potions of curing
 44096 | Slime:5  | XOM: summons 16 friendly demons
 44133 | Slime:5  | Identified the +0 ring mail of the Yeti {Str-4 Dex+4
                  | Slay+3}
 44134 | Slime:5  | Identified the +2 plate armour "Bajac" {Int+2}
 44141 | Slime:5  | XOM: potion effect (might)
 44155 | Slime:5  | Identified the +10 long sword "Ytailoar" {flame, Str+5}
 44186 | Slime:5  | Identified the +2 spear of the Ageing Augurer {drain, rElec
                  | rPois rF++ Stlth+}
 44188 | Slime:5  | Got a slimy rune of Zot
 44250 | Slime:1  | XOM: noise
 44441 | D:9      | XOM: silly message
 44595 | Hell     | Entered the Vestibule of Hell
 44595 | Hell     | Noticed Geryon
 44596 | Hell     | XOM: silly message
 44597 | Hell     | XOM: potion effect (curing)
 44610 | Hell     | XOM: potion effect (invisibility)
 44640 | Hell     | Killed Geryon
 44753 | Hell     | Noticed Murray
 44775 | Hell     | Killed Murray
 44788 | Hell     | Found a gateway to the Iron City of Dis.
 44832 | Hell     | XOM: enchant monster (bad)
 44883 | Hell     | XOM: stat loss: -1 Str (6/7)
 44884 | Hell     | Found a gateway to the freezing wastes of Cocytus.
 44895 | Hell     | Learned a level 4 spell: Manifold Assault
 44986 | Hell     | XOM: polymorph shadow demon -> shadow demon
 44991 | Hell     | Found a gateway to the decaying netherworld of Tartarus.
 45022 | Hell     | XOM: summons 2 hostile shadow creatures
 45109 | Hell     | Found a gateway to the ashen valley of Gehenna.
 45256 | Tar:7    | Identified the "Ryfidal"
 45256 | Tar:7    | Identified the "Peshi"
 45256 | Tar:7    | Identified the of Juxilabb
 45256 | Tar:7    | Identified the "Qivyegg"
 45256 | Tar:7    | Identified the "Ilug"
 45256 | Tar:7    | Identified the of Izim
 45256 | Coc:1    | Entered Level 1 of Cocytus
 45265 | Coc:1    | XOM: enchant monster (bad)
 45278 | Coc:1    | XOM: swap monsters
 45281 | Coc:1    | Reached skill level 5 in Spellcasting
 45282 | Coc:1    | XOM: polymorph wendigo -> wendigo
 45491 | Coc:1    | Noticed a dread lich
 45500 | Coc:1    | XOM: silly message
 45502 | Coc:1    | Killed a dread lich
 45508 | Coc:1    | XOM: noise
 45512 | Coc:1    | XOM: confusion
 45628 | Coc:1    | XOM: summons 10 hostile demons
 45686 | Coc:2    | XOM: enchant monster (good)
 45726 | Coc:2    | XOM: 1-stop teleportation journey
 45752 | Coc:2    | XOM: 4-stop teleportation journey
 45760 | Coc:2    | Paralysed by a wendigo for 1 turns
 45825 | Coc:2    | XOM: cleaving
 45831 | Coc:2    | XOM: swap monsters
 46069 | Coc:3    | XOM: swap monsters
 46084 | Coc:3    | Noticed a dread lich
 46084 | Coc:3    | XOM: swap monsters
 46095 | Coc:3    | XOM: swap monsters
 46103 | Coc:3    | Killed a dread lich
 46372 | Coc:4    | XOM: enchant monster (bad)
 46379 | Coc:4    | XOM: enchant monster (bad)
 46449 | Coc:4    | Noticed a dread lich
 46457 | Coc:4    | Killed a dread lich
 46708 | Coc:5    | XOM: confuse monster(s)
 46709 | Coc:5    | XOM: cast spell 'Metabolic Englaciation'
 46868 | Coc:6    | Noticed a dread lich
 46870 | Coc:6    | Reached skill level 5 in Translocations
 46881 | Coc:6    | XOM: enchant monster (good)
 46886 | Coc:6    | XOM: fake destruction
 46892 | Coc:6    | Killed a dread lich
 46900 | Coc:6    | XOM: cleaving
 47078 | Coc:7    | Entered Level 7 of Cocytus
 47078 | Coc:7    | Noticed a dread lich
 47080 | Coc:7    | XOM: cast spell 'Summon Dragon'
 47083 | Coc:7    | Killed a dread lich
 47119 | Coc:7    | XOM: polymorph azure jelly -> azure jelly
 47336 | Coc:7    | XOM: enchant monster (bad)
 47340 | Coc:7    | Reached skill level 5 in Shields
 47470 | Coc:7    | XOM: scenery: create altars
 47480 | Coc:7    | XOM: divination: detect creatures
 47483 | Coc:7    | XOM: divination: detect creatures
 47499 | Coc:7    | XOM: polymorph titan -> bat
 47638 | Coc:7    | Identified the +7 flail of the Twisting Gods {heavy, rPois
                  | rF+++ rC- SInv}
 47754 | Coc:7    | Found the +15 Maxwell's patent armour {-Cast -Tele rElec
                  | Will+ rCorr}
 47777 | Coc:7    | XOM: scenery: create altars
 47912 | Coc:7    | XOM: silly message
 48009 | Coc:7    | Noticed Antaeus
 48024 | Coc:7    | XOM: noise
 48281 | Coc:7    | XOM: silly message
 48302 | Coc:7    | XOM: scenery: summon butterflies
 48375 | Coc:7    | XOM: give mutation
 48375 | Coc:7    | Gained mutation: Your mind is very acute. (Int +8, Str/Dex
                  | -2) [Xom's grace]
 48489 | Coc:7    | Paralysed by a wendigo for 1 turns
 48490 | Coc:7    | XOM: summons 2 friendly demons
 48491 | Coc:7    | XOM: divination: magic mapping
 48504 | Coc:7    | XOM: blink monster(s)
 48522 | Coc:7    | Killed Antaeus
 48572 | Coc:7    | XOM: summons 11 hostile demons
 48628 | Coc:7    | Identified the staff "Xigidee" {rPois Str+3 Poison}
 48634 | Coc:7    | Got an icy rune of Zot
 48637 | Coc:7    | Identified the +10 dagger "Mezogisch" {flame, *Slow Will+
                  | Str+2}
 48827 | Tar:1    | Entered Level 1 of Tartarus
 48863 | Tar:1    | XOM: cleaving
 49238 | Tar:2    | XOM: 3-stop teleportation journey
 49315 | Tar:2    | XOM: enchant monster (good)
 49326 | Tar:2    | XOM: polymorph doom hound -> Ice Fiend
 49510 | Tar:3    | XOM: cast spell 'Summon Horrible Things'
 49631 | Tar:3    | XOM: cloud trail
 49763 | Tar:4    | XOM: scenery: 6 doors open, 1 doors close
 49781 | Tar:4    | XOM: confusion
 50059 | Tar:5    | XOM: chaos cloud
 50165 | Tar:5    | Noticed a dread lich
 50166 | Tar:5    | Noticed a dread lich
 50168 | Tar:5    | Noticed a dread lich
 50169 | Tar:5    | Noticed a dread lich
 50172 | Tar:5    | Killed a dread lich
 50178 | Tar:5    | Killed a dread lich
 50184 | Tar:5    | Killed a dread lich
 50184 | Tar:5    | XOM: noise
 50188 | Tar:5    | Killed a dread lich
 50505 | Tar:7    | Entered Level 7 of Tartarus
 50553 | Tar:7    | XOM: noise
 50557 | Tar:7    | XOM: confusion
 50573 | Tar:7    | Noticed the Serpent of Hell
 50599 | Tar:7    | Killed the Serpent of Hell
 50675 | Tar:7    | XOM: 1-stop teleportation journey
 50783 | Tar:7    | Noticed Ereshkigal
 50798 | Tar:7    | XOM: scenery: 2 doors open
 50814 | Tar:7    | Killed Ereshkigal
 50876 | Tar:7    | Got a bone rune of Zot
 50984 | Tar:7    | Reached skill level 27 in Shapeshifting
 51004 | Tar:7    | Identified the staff "Cuqu" {rC+ Int+9 Dex-2 Conj}
 51149 | Tar:7    | XOM: enchant monster (good)
 51483 | Dis:1    | Entered Level 1 of the Iron City of Dis
 51531 | Dis:1    | XOM: polymorph caustic shrike -> shadow dragon
 51577 | Dis:7    | Identified the of Fufuasoe
 51577 | Geh:1    | Entered Level 1 of Gehenna
 51582 | Geh:1    | XOM: polymorph balrug -> cacodemon
 51604 | Geh:1    | XOM: cast spell 'Chain of Chaos'
 51605 | Geh:1    | Reached skill level 1 in Unarmed Combat
 51632 | Geh:1    | XOM: potion effect (brilliance)
 51633 | Geh:1    | XOM: polymorph tormentor -> hellion
 51777 | Geh:1    | You are sucked into a shaft and drop 1 floor!
 51785 | Geh:2    | XOM: smoke on damage
 51791 | Geh:2    | XOM: cleaving
 52356 | Zot:1    | Entered Level 1 of the Realm of Zot
 52501 | Zot:1    | XOM: 2-stop teleportation journey
 52631 | Zot:1    | Noticed an orb of fire
 52636 | Zot:1    | Killed an orb of fire
 52875 | Zot:1    | XOM: noise
 52934 | Zot:2    | Found a huge runed gate.
 52934 | Zot:2    | Found a huge runed gate.
 52934 | Zot:2    | Found a huge runed gate.
 52934 | Zot:2    | Found a huge runed gate.
 52936 | Zot:2    | Found a huge runed gate.
 52936 | Zot:2    | Found a huge runed gate.
 52938 | Zot:2    | Found a huge runed gate.
 52938 | Zot:2    | Found a huge runed gate.
 52996 | Zot:2    | XOM: noise
 53041 | Zot:2    | Identified the +2 orcbow of the Festooned God {elec, rF++
                  | rC+ Will+ Int-4}
 53212 | Zot:2    | Found a huge runed gate.
 53212 | Zot:2    | Found a huge runed gate.
 53212 | Zot:2    | Found a huge runed gate.
 53213 | Zot:2    | Found a huge runed gate.
 53214 | Zot:2    | Found a huge runed gate.
 53214 | Zot:2    | Found a huge runed gate.
 53214 | Zot:2    | Found a huge runed gate.
 53215 | Zot:2    | Found a huge runed gate.
 53215 | Zot:2    | Found a huge runed gate.
 53215 | Zot:2    | Found a huge runed gate.
 53224 | Zot:2    | Found a huge runed gate.
 53224 | Zot:2    | Found a huge runed gate.
 53224 | Zot:2    | Found a huge runed gate.
 53224 | Zot:2    | Found a huge runed gate.
 53224 | Zot:2    | Found a huge runed gate.
 53224 | Zot:2    | Found a huge runed gate.
 53225 | Zot:2    | Found a huge runed gate.
 53226 | Zot:2    | Found a huge runed gate.
 53267 | Zot:2    | Found a huge runed gate.
 53267 | Zot:2    | Found a huge runed gate.
 53267 | Zot:2    | Found a huge runed gate.
 53292 | Zot:2    | Found a huge runed gate.
 53292 | Zot:2    | Found a huge runed gate.
 53351 | Zot:2    | XOM: 1-stop teleportation journey
 53410 | Zot:2    | Found a huge runed gate.
 53410 | Zot:2    | Found a huge runed gate.
 53410 | Zot:2    | Found a huge runed gate.
 53410 | Zot:2    | Found a huge runed gate.
 53410 | Zot:2    | Found a huge runed gate.
 53410 | Zot:2    | XOM: 4-stop teleportation journey
 53866 | Zot:2    | Reached skill level 5 in Unarmed Combat
 54044 | Zot:1    | XOM: summons 9 hostile demons
 54144 | Geh:7    | Identified the "Eshi"
 54144 | Zig:1    | Entered Level 1 of a ziggurat
 54144 | Zig:1    | Noticed Uqisim the pandemonium lord
 54145 | Zig:1    | Killed Uqisim the pandemonium lord
 54154 | Zig:2    | Entered Level 2 of a ziggurat
 54183 | Zig:3    | Entered Level 3 of a ziggurat
 54196 | Zig:3    | Identified the ring of Unuor {rN+ AC+4 Dex+3}
 54201 | Zig:4    | Entered Level 4 of a ziggurat
 54246 | Zig:5    | Entered Level 5 of a ziggurat
 54259 | Zig:5    | XOM: swap monsters
 54279 | Zig:5    | Identified the +9 quarterstaff "Othrem" {elec, Str+2}
 54303 | Zig:6    | Entered Level 6 of a ziggurat
 54311 | Zig:6    | XOM: potion effect (might)
 54425 | Zig:6    | Identified the +4 chain mail of Ywna {rPois Str-2 Dex+8}
 54428 | Zig:7    | Entered Level 7 of a ziggurat
 54549 | Zig:7    | XOM: silly message
 54563 | Zig:8    | Entered Level 8 of a ziggurat
 54569 | Zig:8    | XOM: silly message
 54628 | Zig:8    | Identified the +3 orcbow of Sharkskin {drain, rElec rC-
                  | Will+ Dex+4}
 54631 | Zig:8    | Identified the +2 dire flail of the Crypt {pain, rPois
                  | Str-2 Dex+3}
 54632 | Zig:8    | Identified the +4 ring mail of Yredelemnul's Whim {Contam
                  | Will+ Regen+}
 54646 | Zig:9    | Entered Level 9 of a ziggurat
 54664 | Zig:9    | XOM: potion effect (brilliance)
 54666 | Zig:9    | XOM: potion effect (brilliance)
 54731 | Zig:9    | Identified the +2 scale mail of Viush {+Blink}
 54740 | Zig:10   | Identified the of Toucipni
 54740 | Zig:10   | Entered Level 10 of a ziggurat
 54751 | Zig:10   | Noticed Dyotipp the pandemonium lord
 54755 | Zig:10   | XOM: potion effect (brilliance)
 54776 | Zig:10   | Killed Dyotipp the pandemonium lord
 54797 | Zig:10   | Identified the staff "Mur Umm" {Str-3 Int+5 Earth}
 54801 | Zig:10   | Identified the +4 chain mail "Nodew" {rF+ rN+}
 54821 | Zig:11   | Entered Level 11 of a ziggurat
 54827 | Zig:11   | Noticed a dread lich
 54840 | Zig:11   | Killed a dread lich
 54850 | Zig:11   | XOM: potion effect (heal wounds)
 54914 | Zig:12   | Identified the of Pynol
 54914 | Zig:12   | XOM: noise
 54914 | Zig:12   | Entered Level 12 of a ziggurat
 55081 | Zig:13   | Entered Level 13 of a ziggurat
 55099 | Zig:13   | XOM: summons 11 friendly demons
 55102 | Zig:13   | Paralysed by an air elemental for 1 turns
 55104 | Zig:13   | XOM: enchant monster (good)
 55105 | Zig:13   | XOM: enchant monster (good)
 55106 | Zig:13   | XOM: divination: magic mapping
 55108 | Zig:13   | Reached skill level 10 in Translocations
 55116 | Zig:13   | HP: 6/209 [storm dragon/bolt of lightning (7)]
 55117 | Zig:13   | Found the ring of the Octopus King
 55117 | Zig:13   | Found the ring of the Hare {EV+10}
 55350 | Depths:1 | XOM: stat loss: -1 Dex (53/54)
 55434 | Geh:3    | XOM: 1-stop teleportation journey
 55517 | Geh:3    | XOM: scenery: 1 doors close
 55666 | Geh:4    | XOM: scenery: summon butterflies
 55929 | Geh:5    | XOM: summons friendly crimson imp
 55961 | Geh:5    | XOM: cloud trail
 56132 | Geh:5    | XOM: silly message
 56346 | Geh:6    | XOM: potion effect (brilliance)
 56528 | Geh:7    | Entered Level 7 of Gehenna
 56544 | Geh:7    | XOM: potion effect (invisibility)
 56553 | Geh:7    | XOM: silly message
 56721 | Geh:7    | Reached skill level 10 in Unarmed Combat
 56888 | Geh:7    | Identified the +7 orcbow "Worm" {flame, rF+ rC++ Stlth+}
 57003 | Geh:7    | XOM: cleaving
 57085 | Geh:7    | Found the +13 sceptre of Asmodeus
 57085 | Geh:7    | Noticed Asmodeus
 57092 | Geh:7    | Killed Asmodeus
 57127 | Geh:7    | Got an obsidian rune of Zot
 57247 | Geh:7    | XOM: divination: detect creatures
 57484 | Pan      | Entered Pandemonium
 57544 | Pan      | XOM: scenery: create altars
 57686 | Pan      | Noticed Xailip the pandemonium lord
 57691 | Pan      | Identified the ring of Cowaec {Fly rPois rCorr Int+5 Dex-5}
                  | (Xom gifted it to you in Pandemonium)
 57691 | Pan      | XOM: god gift: ring of Cowaec {Fly rPois rCorr Int+5 Dex-5}
 57698 | Pan      | Killed Xailip the pandemonium lord
 57702 | Pan      | XOM: silly message
 57789 | Pan      | XOM: enchant monster (bad)
 57833 | Pan      | Noticed Wyqial the pandemonium lord
 57846 | Pan      | Killed Wyqial the pandemonium lord
 57939 | Pan      | XOM: blink monster(s)
 57964 | Pan      | Noticed Juseyban the pandemonium lord
 57992 | Pan      | XOM: divination: detect items
 58026 | Pan      | XOM: silly message
 58036 | Pan      | XOM: 1-stop teleportation journey
 58055 | Pan      | Killed Juseyban the pandemonium lord
 58763 | Pan      | Found an exit through the horrors of the Abyss.
 58819 | Pan      | XOM: potion effect (attraction)
 58937 | Pan      | Noticed Qilo the pandemonium lord
 59129 | Pan      | XOM: silly message
 59172 | Pan      | XOM: potion effect (might)
 59181 | Pan      | Got a demonic rune of Zot
 59270 | Pan      | XOM: silly message
 59280 | Pan      | XOM: potion effect (might)
 59306 | Pan      | XOM: potion effect (heal wounds)
 59470 | Pan      | XOM: silly message
 59580 | Pan      | XOM: silly message
 59633 | Pan      | XOM: silly message
 59635 | Pan      | XOM: potion effect (heal wounds)
 59639 | Pan      | Entered the realm of Gloorx Vloq.
 59718 | Pan      | Reached skill level 27 in Short Blades
 59727 | Pan      | XOM: potion effect (invisibility)
 59758 | Pan      | XOM: potion effect (invisibility)
 59760 | Pan      | XOM: cast spell 'Summon Dragon'
 59782 | Pan      | Noticed Gloorx Vloq
 59789 | Pan      | Killed Gloorx Vloq
 60148 | Pan      | Got a dark rune of Zot
 60180 | Pan      | XOM: cloud trail
 60201 | Pan      | Identified the +1 scale mail of the Frog {Dex+4 Stlth+}
 60330 | Pan      | XOM: divination: magic mapping
 60571 | Pan      | XOM: summons 5 hostile demons
 60620 | Pan      | Identified the "Vijuxt"
 60620 | Pan      | Entered the realm of Cerebov.
 60680 | Pan      | XOM: swap monsters
 60738 | Pan      | Found an exit through the horrors of the Abyss.
 60748 | Pan      | XOM: scenery: 4 doors close
 60753 | Pan      | XOM: enchant monster (good)
 60879 | Pan      | XOM: divination: detect creatures
 60882 | Pan      | XOM: polymorph sun demon -> sixfirhy
 60965 | Pan      | Identified the +6 long sword of the Shark {flame, rC++}
 60974 | Pan      | XOM: confusion (+ monsters)
 60975 | Pan      | Found the +6 sword of Cerebov {flame}
 60975 | Pan      | Noticed Cerebov
 60976 | Pan      | XOM: confusion (+ monsters)
 60976 | Pan      | Killed Cerebov
 61004 | Pan      | Got a fiery rune of Zot
 61047 | Pan      | Identified the ring of Tip Uwne {Will+ Dex+5 SInv}
 61133 | Pan      | Identified the staff of Frustration {rF+ Int+3 Dex+4 Fire}
 61242 | Pan      | Entered the realm of Mnoleg.
 61255 | Pan      | XOM: cast spell 'Cause Fear'
 61280 | Pan      | Reached skill level 27 in Dodging
 61314 | Pan      | Noticed Mnoleg
 61326 | Pan      | Paralysed by a floating eye for 2 turns
 61333 | Pan      | Paralysed by a floating eye for 2 turns
 61344 | Pan      | XOM: confuse monster(s)
 61347 | Pan      | XOM: blink monster(s)
 61353 | Pan      | Killed Mnoleg
 61447 | Pan      | XOM: potion effect (might)
 61720 | Pan      | Found an exit through the horrors of the Abyss.
 61956 | Pan      | Got a glowing rune of Zot
 62052 | Pan      | Found a runed translucent door.
 62055 | Pan      | XOM: cast spell 'Alistair's Intoxication'
 62059 | Pan      | XOM: enchant monster (good)
 62074 | Pan      | Found a runed translucent door.
 62074 | Pan      | XOM: noise
 62076 | Pan      | Noticed Wuxegh the pandemonium lord
 62109 | Pan      | XOM: divination: detect items
 62124 | Pan      | XOM: potion effect (magic)
 62167 | Pan      | Entered the realm of Lom Lobon.
 62222 | Pan      | Reached skill level 15 in Unarmed Combat
 62298 | Pan      | XOM: enchant monster (good)
 62382 | Pan      | XOM: divination: magic mapping
 62400 | Pan      | XOM: silly message
 62438 | Pan      | Noticed Lom Lobon
 62440 | Pan      | XOM: potion effect (brilliance)
 62448 | Pan      | XOM: cast spell 'Olgreb's Toxic Radiance'
 62451 | Pan      | Killed Lom Lobon
 62465 | Pan      | Got a magical rune of Zot
 62740 | Pan      | XOM: fog
 62770 | Pan      | Noticed Empykuyc the pandemonium lord
 62810 | Pan      | XOM: confuse monster(s)
 62811 | Pan      | Killed Empykuyc the pandemonium lord
 62814 | Pan      | XOM: noise
 62888 | Pan      | XOM: confuse monster(s)
 62954 | Pan      | Noticed Maegh the pandemonium lord
 62959 | Pan      | Killed Maegh the pandemonium lord
 63095 | Pan      | Noticed Yweblael the pandemonium lord
 63180 | Pan      | Found an exit through the horrors of the Abyss.
 63194 | Pan      | Took an exit into the Abyss.
 63194 | Abyss:1  | Escaped into the Abyss
 63207 | Abyss:1  | Found a corrupted altar of Lugonu.
 63303 | Abyss:2  | Found a corrupted altar of Lugonu.
 63526 | Abyss:2  | XOM: scenery: create altars
 63633 | Abyss:2  | Found a corrupted altar of Lugonu.
 63832 | Abyss:2  | XOM: silly message
 63873 | Abyss:2  | Found a corrupted altar of Lugonu.
 63953 | Abyss:2  | XOM: summons 2 friendly demons
 64010 | Abyss:2  | Found a hide-covered altar of Uskayaw.
 64021 | Abyss:2  | Found a corrupted altar of Lugonu.
 64026 | Abyss:2  | Found a corrupted altar of Lugonu.
 64026 | Abyss:2  | Found a corrupted altar of Lugonu.
 64039 | Abyss:2  | XOM: confuse monster(s)
 64063 | Abyss:2  | Found a corrupted altar of Lugonu.
 64116 | Abyss:2  | XOM: cleaving
 64124 | Abyss:2  | XOM: blink monster(s)
 64261 | Abyss:2  | XOM: summons friendly crimson imp
 64309 | Abyss:3  | Identified the "Ryryrair"
 64362 | Abyss:3  | XOM: polymorph neqoxec -> ynoxinul
 64379 | Abyss:3  | Paralysed by accursed screaming for 1 turns
 64387 | Abyss:3  | XOM: scenery: create altars
 64401 | Abyss:3  | XOM: blink monster(s)
 64404 | Abyss:3  | XOM: summons 4 hostile demons
 64418 | Abyss:3  | Got an abyssal rune of Zot
 64434 | Depths:2 | Escaped the Abyss
 64571 | Vaults:1 | XOM: god gift: +2 short sword of chaos
 64763 | Crypt:3  | XOM: god gift: 2 potions of heal wounds
 64776 | Tomb:1   | Entered Level 1 of the Tomb of the Ancients
 64883 | Tomb:1   | XOM: 1-stop teleportation journey
 64890 | Tomb:1   | XOM: summons friendly white imp
 64896 | Tomb:1   | XOM: divination: magic mapping
 65058 | Tomb:1   | Noticed a royal mummy
 65064 | Tomb:1   | Killed a royal mummy
 65145 | Tomb:1   | Noticed a royal mummy
 65145 | Tomb:1   | XOM: fake destruction
 65146 | Tomb:1   | XOM: fake destruction
 65147 | Tomb:1   | Noticed a royal mummy
 65152 | Tomb:1   | XOM: confuse monster(s)
 65154 | Tomb:1   | Killed a royal mummy
 65157 | Tomb:1   | Killed a royal mummy
 65415 | Tomb:2   | Noticed a royal mummy
 65415 | Tomb:2   | Noticed a royal mummy
 65421 | Tomb:2   | XOM: enchant monster (bad)
 65423 | Tomb:2   | XOM: cast spell 'Olgreb's Toxic Radiance'
 65425 | Tomb:2   | Noticed a royal mummy
 65427 | Tomb:2   | XOM: cast spell 'Call Canine Familiar'
 65429 | Tomb:2   | Noticed a royal mummy
 65431 | Tomb:2   | Killed a royal mummy
 65448 | Tomb:2   | Killed a royal mummy
 65454 | Tomb:2   | Killed a royal mummy
 65455 | Tomb:2   | XOM: enchant monster (good)
 65461 | Tomb:2   | Killed a royal mummy
 65568 | Tomb:2   | Reached skill level 27 in Fighting
 65569 | Tomb:2   | XOM: 5-stop teleportation journey
 65633 | Tomb:2   | XOM: 4-stop teleportation journey
 65913 | Tomb:1   | Noticed a royal mummy
 65919 | Tomb:1   | Noticed a royal mummy
 65919 | Tomb:1   | Noticed a royal mummy
 65923 | Tomb:1   | Killed a royal mummy
 65927 | Tomb:1   | Killed a royal mummy
 65932 | Tomb:1   | Killed a royal mummy
 65952 | Tomb:1   | Noticed a royal mummy
 65954 | Tomb:1   | Noticed a royal mummy
 65959 | Tomb:1   | Killed a royal mummy
 65963 | Tomb:1   | Killed a royal mummy
 65963 | Tomb:1   | Noticed a royal mummy
 65965 | Tomb:1   | XOM: cast spell 'Monstrous Menagerie'
 65969 | Tomb:1   | Killed a royal mummy
 65978 | Tomb:1   | Noticed a royal mummy
 65981 | Tomb:1   | Noticed a royal mummy
 65982 | Tomb:1   | Killed a royal mummy
 65988 | Tomb:1   | Killed a royal mummy
 65993 | Tomb:1   | Noticed a royal mummy
 65995 | Tomb:1   | Noticed a royal mummy
 66000 | Tomb:1   | Killed a royal mummy
 66004 | Tomb:1   | Killed a royal mummy
 66007 | Tomb:1   | Noticed a royal mummy
 66013 | Tomb:1   | Killed a royal mummy
 66019 | Tomb:1   | Noticed a royal mummy
 66022 | Tomb:1   | Noticed a royal mummy
 66028 | Tomb:1   | Killed a royal mummy
 66030 | Tomb:1   | Noticed a royal mummy
 66031 | Tomb:1   | Killed a royal mummy
 66039 | Tomb:1   | Killed a royal mummy
 66043 | Tomb:1   | Noticed a royal mummy
 66046 | Tomb:1   | XOM: enchant monster (bad)
 66050 | Tomb:1   | Killed a royal mummy
 66080 | Tomb:1   | Noticed a royal mummy
 66087 | Tomb:1   | Killed a royal mummy
 66153 | Tomb:1   | Noticed a royal mummy
 66160 | Tomb:1   | Killed a royal mummy
 66177 | Tomb:1   | Noticed a royal mummy
 66187 | Tomb:1   | Killed a royal mummy
 66751 | Tomb:3   | Entered Level 3 of the Tomb of the Ancients
 66759 | Tomb:3   | Reached skill level 10 in Spellcasting
 66764 | Tomb:3   | XOM: enchant monster (good)
 66772 | Tomb:3   | XOM: cleaving
 66792 | Tomb:3   | XOM: summons 4 friendly demons
 66792 | Tomb:3   | Noticed a royal mummy
 66799 | Tomb:3   | Noticed a royal mummy
 66799 | Tomb:3   | Noticed a royal mummy
 66799 | Tomb:3   | Noticed a royal mummy
 66799 | Tomb:3   | Noticed a royal mummy
 66799 | Tomb:3   | Noticed a royal mummy
 66799 | Tomb:3   | Noticed a royal mummy
 66799 | Tomb:3   | XOM: 7-stop teleportation journey
 66805 | Tomb:3   | XOM: summons 6 friendly demons
 66808 | Tomb:3   | XOM: potion effect (curing)
 66816 | Tomb:3   | XOM: fog
 66822 | Tomb:3   | Killed a royal mummy
 66849 | Tomb:3   | XOM: divination: detect creatures
 66866 | Tomb:3   | XOM: destruction
 66873 | Tomb:3   | Noticed a royal mummy
 66873 | Tomb:3   | Noticed Khufu
 66874 | Tomb:3   | XOM: summons friendly white imp
 66877 | Tomb:3   | XOM: confuse monster(s)
 66878 | Tomb:3   | Killed a royal mummy
 66883 | Tomb:3   | Killed a royal mummy
 66888 | Tomb:3   | Killed a royal mummy
 66892 | Tomb:3   | XOM: noise
 66893 | Tomb:3   | Killed a royal mummy
 66898 | Tomb:3   | Killed Khufu
 66900 | Tomb:3   | XOM: confuse monster(s)
 66905 | Tomb:3   | Killed a royal mummy
 66916 | Tomb:3   | XOM: divination: detect items
 66928 | Tomb:3   | XOM: confuse monster(s)
 66940 | Tomb:3   | Killed a royal mummy
 66961 | Tomb:3   | Killed a royal mummy
 67011 | Tomb:3   | Got a golden rune of Zot
 67341 | Tomb:3   | Identified the staff "Yciut Zeugi" {rC+ Int+3 Ice}
 67386 | Tomb:3   | Identified the +5 scale mail of Daisies {+Inv rPois Int-3
                  | Slay+5}
 67387 | Tomb:3   | Identified the ring of Midsummer {rN++ Str+9 Int-3 Dex-5
                  | Slay+4}
 67412 | Tomb:3   | Identified the +2 morningstar of Bodily Harmony {heavy,
                  | Str+5}
 68144 | Dis:2    | XOM: stealth player
 68360 | Dis:3    | XOM: divination: detect items
 68428 | Dis:3    | XOM: divination: detect creatures
 68431 | Dis:3    | XOM: noise
 68436 | Dis:3    | XOM: divination: magic mapping
 68524 | Dis:4    | XOM: summons friendly iron imp
 68542 | Dis:4    | XOM: scenery: create altars
 68550 | Dis:4    | XOM: stat loss: -1 Dex (52/53)
 68556 | Dis:4    | XOM: noise
 68560 | Dis:4    | XOM: enchant monster (bad)
 68571 | Dis:4    | XOM: enchant monster (good)
 68636 | Dis:4    | Noticed a dread lich
 68638 | Dis:4    | XOM: polymorph iron dragon -> iron giant
 68643 | Dis:4    | Killed a dread lich
 68644 | Dis:4    | Reached skill level 15 in Spellcasting
 68696 | Dis:4    | XOM: 1-stop teleportation journey
 68751 | Dis:5    | XOM: polymorph caustic shrike -> rockslime
 68816 | Dis:5    | You are sucked into a shaft and drop 1 floor!
 68975 | Dis:7    | Entered Level 7 of the Iron City of Dis
 69089 | Dis:7    | XOM: noise
 69156 | Dis:7    | XOM: noise
 69169 | Dis:7    | XOM: cast spell 'Alistair's Intoxication'
 69170 | Dis:7    | XOM: enchant monster (good)
 69200 | Dis:7    | XOM: confuse monster(s)
 69268 | Dis:7    | XOM: cleaving
 69288 | Dis:7    | XOM: fog
 69291 | Dis:7    | XOM: summons friendly ufetubus
 69295 | Dis:7    | XOM: summons friendly iron imp
 69304 | Dis:7    | XOM: summons friendly quasit
 69347 | Dis:7    | XOM: confusion
 69421 | Dis:7    | Noticed Dispater
 69426 | Dis:7    | XOM: summons 6 hostile demons
 69435 | Dis:7    | Killed Dispater
 69501 | Dis:7    | Found the ring of the Octopus King
 69505 | Dis:7    | Identified the +7 falchion of Vengeance {spect, Int+3}
 69507 | Dis:7    | Got an iron rune of Zot
 69508 | Dis:7    | Identified a ring of the Octopus King {Wiz HP+2 AC+2 EV+2
                  | SH+2}
 69518 | Dis:7    | Identified the +2 helmet of the Salamander {Int+5}
 69527 | Dis:7    | XOM: stat loss: -1 Str (5/6)
 69547 | Dis:7    | Upgraded the game from 0.31-a0-925-g0a390f2509 to
                  | 0.31-a0-931-g7b59d4eb97
 69849 | Zot:3    | Noticed an orb of fire
 69858 | Zot:3    | Killed an orb of fire
 69863 | Zot:3    | XOM: stat loss: -1 Int (23/24)
 69892 | Zot:3    | XOM: polymorph red draconian -> shapeshifter
 70097 | Zot:3    | XOM: silly message
 70098 | Zot:3    | XOM: enchant monster (bad)
 70347 | Zot:3    | XOM: silly message
 70761 | Zot:4    | XOM: 1-stop teleportation journey
 70797 | Zot:4    | XOM: noise
 71127 | Zot:5    | Entered Level 5 of the Realm of Zot
 71130 | Zot:5    | Found a large runed translucent door.
 71131 | Zot:5    | Found a large runed translucent door.
 71133 | Zot:5    | Noticed bakla's ghost (veteran GrHu)
 71236 | Zot:5    | Reached skill level 10 in Evocations
 71275 | Zot:5    | XOM: cast spell 'Cause Fear'
 71282 | Zot:5    | XOM: blink monster(s)
 71288 | Zot:5    | XOM: silly message
 71494 | Zot:5    | XOM: silly message
 71545 | Zot:5    | Noticed an ancient lich
 71553 | Zot:5    | Noticed an orb of fire
 71561 | Zot:5    | Killed an ancient lich
 71569 | Zot:5    | Killed an orb of fire
 71571 | Zot:5    | XOM: silly message
 71572 | Zot:5    | XOM: potion effect (brilliance)
 71598 | Zot:5    | XOM: polymorph tentacled monstrosity -> tentacled
                  | monstrosity
 71629 | Zot:5    | Noticed an orb of fire
 71631 | Zot:5    | Noticed an orb of fire
 71634 | Zot:5    | Noticed an orb of fire
 71634 | Zot:5    | Noticed an orb of fire
 71634 | Zot:5    | Noticed an ancient lich
 71634 | Zot:5    | Noticed an orb of fire
 71634 | Zot:5    | Noticed an orb of fire
 71634 | Zot:5    | Noticed an orb of fire
 71635 | Zot:5    | Killed an orb of fire
 71642 | Zot:5    | Killed an orb of fire
 71647 | Zot:5    | Killed an orb of fire
 71653 | Zot:5    | Killed an orb of fire
 71660 | Zot:5    | Noticed a dread lich
 71660 | Zot:5    | Paralysed by a Zot trap for 4 turns
 71661 | Zot:5    | Noticed a dread lich
 71669 | Zot:5    | Killed a dread lich
 71675 | Zot:5    | XOM: noise
 71878 | Zot:4    | XOM: summons 1 hostile shadow creature
 71907 | Zot:5    | Killed bakla's ghost
 72003 | Zot:5    | Killed an orb of fire
 72028 | Zot:5    | Noticed an orb of fire
 72030 | Zot:5    | XOM: confuse monster(s)
 72051 | Zot:5    | Killed an orb of fire
 72051 | Zot:5    | XOM: fog
 72057 | Zot:5    | Killed an orb of fire
 72058 | Zot:5    | XOM: enchant monster (good)
 72088 | Zot:5    | XOM: summons friendly crimson imp
 72091 | Zot:5    | XOM: cast spell 'Summon Cactus Giant'
 72139 | Zot:5    | Got the Orb of Zot
 72441 | D:15     | XOM: blink monster(s)
 72522 | D:11     | Noticed Haodom the pandemonium lord
 72526 | D:11     | Killed Haodom the pandemonium lord
 72575 | D:10     | XOM: cast spell 'Death Channel'
 72760 | D:$      | Escaped with the Orb!

Illustrated notes

Levels and vault maps discovered:
D:1:      eino_arrival_tree_alley, layout_loops_ring, corexii_hall_statues_l
D:2:      layout_basic, solitary_fountain, minmay_3d_cube, uniq_terence,
          uniq_natasha
D:3:      layout_basic, hangedman_decor_push, uniq_jessica
D:4:      layout_basic, mainiacjoe_overflow_surrounded_room
D:5:      layout_loops_ring, minitemple, enter_ossuary_2, grunt_ministairs_14,
          minmay_misc_feat_enclosed
D:6:      layout_cave_pools, minmay_ruined_shrine
D:7:      layout_basic, temple_statues, hellmonk_guarded_unrand_gyre_and_gimble,
          uniq_jeremiah, uniq_joseph
D:8:      cheibrodos_grave_circle, layout_loops_cross, minivault_19,
          uniq_maurice
D:9:      layout_basic, gammafunk_temple_overflow_wave, dpeg_lair_monsters,
          uniq_maggie, uniq_erolcha
D:10:     layout_gridville, erik_orc_4, serial_park_tiny_1, uniq_urug
D:11:     layout_roguey [special_room_orc], portal_ice_cave_entry_ice_simulacra,
          uniq_grum, uniq_sonja, uniq_psyche
D:12:     layout_long_grid, makhleb_altar_promises_db, uniq_josephine,
          uniq_nessos
D:13:     layout_gridville, skrybe_vaults_entry_preservation
D:14:     layout_rooms, gammafunk_ghost_necromancy,
          chequers_serial_rivers_small_b, minivault_21, drop_trap
D:15:     hangedman_depths_entry_civil_slaughter, layout_layer_cave,
          yredelemnul_altar_generic
Lair:1:   layout_chaotic_city, nicolae_quartered_pool_impasse
Lair:2:   layout_cave_pods, serial_bayou_shore_a, grunt_megastairs_2
Lair:3:   beast_lair_carwin_large_4, layout_gridlike,
          nicolae_swamp_entry_splash_gauntlet,
          hellmonk_spider_entry_life_and_decay, minmay_lair_oklob_bushes,
          nicolae_lair_run_with_the_wolves
Lair:4:   layout_loops_ring, minmay_slime_entry_jelly_boxes,
          hellmonk_guarded_unrand_vines, grunt_megastairs_5, lemuel_fruit_tree
Lair:5:   minmay_lair_end_enchanted_forest, layout_big_grid,
          serial_bayou_shore_b
Swamp:1:  layout_falls_marsh, evilmike_swamp_ruin_rubble_1
Swamp:2:  layout_falls_marsh, evilmike_swamp_ruin_house_5,
          nicolae_swamp_round_clearing, infiniplex_staircase_pool_2
Swamp:3:  layout_falls_marsh, evilmike_swamp_ruin_house_4
Swamp:4:  swamp, layout_basic_swamp, ebering_ghost_funeral_grove, swamp_pool5,
          infiniplex_staircase_pool
Spider:1: nicolae_spider_brood_tunnel
Spider:2: layout_chambers
Spider:3: layout_spider_delve, drop_trap
Spider:4: grunt_spider_rune_circles, uniq_mlioglotl, uniq_mara
Slime:1:  cheibrodos_slime_lost_civilization_2, layout_caves, basic_altar
Slime:2:  layout_caves, nicolae_slime_crime_time
Slime:3:  layout_caves
Slime:4:  layout_caves
Slime:5:  slime_pit_nicolae_jellycorners
Orc:1:    layout_diamond_mine, uniq_erica
Orc:2:    grunt_orc_community_town_hall, layout_diamond_mine,
          grunt_orc_community_big_house_1, grunt_orc_community_big_house_2,
          grunt_orc_community_house_3, grunt_orc_community_house_1,
          grunt_orc_community_house_2, grunt_orc_community_house_3,
          grunt_orc_community_house_1, grunt_orc_community_house_2, uniq_snorg
Elf:1:    layout_loops_corners, serial_shops, nicolae_shop_stone,
          minmay_elf_demonology, uniq_agnes
Elf:2:    elven_hall_of_blades_hangedman_original
          [nicolae_vaults_blade_armed_guards], layout_geoelf_octagon,
          serial_shops, nicolae_shop_rolled_up,
          nicolae_elf_free_trip_to_the_abyss, uniq_aizul, uniq_saint_roka,
          uniq_jorgrun
Elf:3:    elf_hall, layout_loops_cross, serial_shops, shop
Vaults:1: vaults_mumra_hex, nicolae_vaults_little_guard_posts,
          vaults_mumra_chevron, ontoclasm_vaults_ring_small,
          hangedman_vaults_stagger, nicolae_vaults_wine_cellar,
          nicolae_vaults_meiosis, v_alt_pattern_1, v_alt_pattern_5,
          vaults_room_large_hall, ontoclasm_vaults_chip,
          nicolae_vaults_circle_grid_b, vaults_room_ringed_pool,
          nicolae_vaults_oval_intersection, ontoclasm_vaults_loading_screen,
          layout_vaults_maze, serial_shops, nicolae_shop_window_shopping
Vaults:2: ploomutoo_gammafunk_ghost_potion_laboratory, nicolae_vaults_network_s,
          v_rooms_2, ontoclasm_vaults_tryst, v_misc_4,
          nicolae_vaults_little_squares_3, vaults_room_grunt_arrival_ludios,
          v_misc_26, dpeg_vaults_waves, hangedman_vaults_slice,
          ontoclasm_vaults_ligature, layout_vaults_omnibox
Vaults:3: portal_desolation_entry_ruin, nicolae_vaults_alarming,
          nicolae_vaults_diamond_1, minmay_crypt_entry_simple_statues,
          hangedman_vaults_hat, v_misc_12, vaults_room_semicircle,
          nicolae_vaults_network_star, layout_vaults_omnigrid, serial_shops,
          nicolae_shop_window_shopping
Vaults:4: grunt_vaults_hallway_long, v_misc_23, nicolae_vaults_weapon_check,
          nicolae_vaults_network_barrier, hangedman_vaults_locks,
          nicolae_vaults_more_shelving_1, st_eye, grunt_vaults_swirl,
          nicolae_vaults_taking_the_gang_shopping, vaults_room_large_hall,
          ontoclasm_vaults_loading_screen, nicolae_vaults_apartment_1,
          layout_vaults_ring
Vaults:5
Crypt:1:  layout_gridlike
Crypt:2:  layout_regular_city, st_stairs_7
Crypt:3:  grunt_crypt_end_deaths_head
Tomb:1
Tomb:2
Tomb:3
Depths:1: layout_basic, grunt_mini_vestibule, roderic_st_hans_cross,
          nzn_hepliaklqana_mist_gate, kennysheep_cross_landing,
          serial_bayou_shore_b
Depths:2: minmay_bad_star, layout_basic, abyss_entry, rand_demon_pan_entry_8,
          pf_coc_iceberg, uniq_nikola
Depths:3: minmay_expanding_circles, layout_gridlike, enter_ziggurat_f,
          pf_dread_powers_of_hell, special_room [special_room_magic_class],
          abyss_entry_crystal, serial_bayou_ford_a
Depths:4: lemuel_castle_with_subvaults [lemuel_castle_interior_carwin_2],
          layout_cave_pools, hell_entry, serial_shops,
          nicolae_shop_just_a_little_nook, grunt_ministairs_1, minmay_shop_grove
Hell
Dis:1:    layout_regular_city, nicolae_dis_emergency_hatch
Dis:2:    layout_jigsaw
Dis:3:    layout_gridville
Dis:4:    layout_regular_city
Dis:5:    layout_regular_city
Dis:6:    layout_gridville
Dis:7:    iron_city_of_dis [dis_mu, dis_wall_4], layout_gridville
Geh:1:    layout_gehenna_pools_box
Geh:2:    layout_gehenna_pools_triple, nicolae_geh_amphitheater
Geh:3:    layout_gehenna_pools_basic
Geh:4:    layout_gehenna_pools_basic
Geh:5:    layout_gehenna_lava_caves
Geh:6:    layout_gehenna_pools_box, hangedman_gehenna_grave_pits
Geh:7:    evilmike_geh
Coc:1:    layout_ice_bergs, special_room [special_room_morgue]
Coc:2:    layout_ice_bergs
Coc:3:    layout_cocytus_water_paths
Coc:4:    layout_ice_bergs
Coc:5:    layout_ice_bergs
Coc:6:    layout_cocytus_water_paths
Coc:7:    coc_mu
Tar:1:    layout_catacombs
Tar:2:    layout_cathedral_of_symmetry, nicolae_tar_stay_or_leave
Tar:3:    layout_grid_maze, nicolae_tar_honey_chapel
Tar:4:    layout_honeycomb
Tar:5:    layout_grid_maze, nicolae_hells_leichenhalle
Tar:6:    layout_grid_maze, nicolae_tar_cuneiform_bread
Tar:7:    tar_old
Zot:1:    layout_onion_interference, hangedman_hellfire_club, grunt_megastairs_4
Zot:2:    layout_concentric_octagons, door_vault
Zot:3:    layout_cellular_growth, hangedman_zot_decor_scrapings,
          grunt_ministairs_13, hangedman_zot_decor_slant
Zot:4:    layout_concentric_octagons
Zot:5:    layout_gridlike, ebering_ghost_disaster_area, grunt_ministairs_15,
          lemuel_golem_globe

Skill      XL: |  1  2  3  4  5  6  7  8  9 10 11 12 13 14 15 16 17 18 19 20 21 22 23 24 25 26 27 |
---------------+----------------------------------------------------------------------------------+-----
Dodging        | 3 4 5 6 7 8 9 10 11 12 13 14 15 16 17 18 19 21 27 | 27.0
Fighting       | 4 5 6 7 8 9 10 11 12 13 14 15 16 17 27 | 27.0
Short Blades   | 4 5 6 7 8 9 10 11 12 13 14 15 16 17 18 19 20 27 | 27.0
Stealth        | 2 3 5 8 11 13 15 16 17 18 19 20 21 22 23 25 26 27 | 27.0
Evocations     | 2 4 5 7 12 | 12.4
Hexes          | 1 3 5 6 7 |  7.0
Shapeshifting  | 1 4 6 8 11 12 14 15 16 18 19 20 21 22 23 27 | 27.0
Translocations | 3 13 | 13.3
Shields        | 1 7 |  7.0
Spellcasting   | 20 | 20.0
Unarmed Combat | 23 | 23.8

Action                     |  1- 3 |  4- 6 |  7- 9 | 10-12 | 13-15 | 16-18 | 19-21 | 22-24 | 25-27 || total
---------------------------+-------+-------+-------+-------+-------+-------+-------+-------+-------++-------
  Melee: Short sword       |    69 |   100 |   202 |    61 |       |       |       |       |       ||   432
         Constrict         |    20 |    21 |    42 |    79 |   211 |   228 |   188 |   255 |  1038 ||  2082
         Tentacles         |    15 |    25 |    71 |   250 |   903 |   993 |   997 |   649 |  6783 || 10686
         Punch             |     1 |     3 |     5 |    13 |    59 |    82 |    65 |    48 |  1998 ||  2274
         Dagger            |       |       |    47 |       |       |       |       |       |       ||    47
         Pair of quick bla |       |       |       |   735 |  2415 |  2622 |  2326 |  1652 | 14295 || 24045
         Maw               |       |       |       |       |       |   365 |   299 |       |       ||   664
         Kick              |       |       |       |       |       |       |  1279 |  1040 | 10617 || 12936
         Peck              |       |       |       |       |       |       |   249 |   668 |  6848 ||  7765
         Unarmed           |       |       |       |       |       |       |       |       |    64 ||    64
   Cast: Confusing Touch   |       |       |       |       |     4 |    10 |     4 |     1 |     4 ||    23
         Manifold Assault  |       |       |       |       |       |       |       |       |    52 ||    52
         Blink             |       |       |       |       |       |       |       |       |     1 ||     1
Ability: Siphon Essence    |       |       |       |       |       |       |       |       |     2 ||     2
  Evoke: Wand              |       |       |       |     4 |       |     1 |       |       |    17 ||    22
         Tin of tremorston |       |       |       |       |       |       |       |       |     2 ||     2
    Use: Potion            |       |     2 |     3 |       |       |       |       |     2 |    13 ||    20
         Scroll            |       |       |     6 |    10 |     4 |     7 |     4 |    15 |    30 ||    76
   Stab: Sleeping          |     5 |     9 |    19 |    24 |   107 |    66 |    96 |   105 |   254 ||   685
         Confused          |     1 |       |     1 |     4 |     5 |    30 |     4 |     6 |    46 ||    97
         Distracted        |       |       |     1 |     2 |    14 |    11 |    13 |    16 |   214 ||   271
         Petrifying        |       |       |     1 |       |       |     3 |       |     1 |     7 ||    12
         Paralysed         |       |       |       |     1 |       |       |       |     2 |       ||     3
         Petrified         |       |       |       |       |       |       |     2 |     3 |       ||     5
         Fleeing           |       |       |       |       |       |       |     1 |       |       ||     1
         Invisible         |       |       |       |       |       |       |       |       |     9 ||     9
 Armour: Skin              |    31 |    35 |    80 |    88 |   223 |   304 |   233 |   255 |  1021 ||  2270
  Dodge: Dodged            |    66 |    64 |   183 |   247 |   652 |   733 |   794 |   825 |  5302 ||  8866
  Block: Other             |       |       |       |       |       |       |       |    19 |    11 ||    30
         Reflection        |       |       |       |       |       |       |       |     1 |       ||     1
   Form: Maw               |       |       |       |       |       |     1 |       |       |       ||     1
         Statue            |       |       |       |       |       |       |     1 |       |     7 ||     8
         Death             |       |       |       |       |       |       |       |       |    10 ||    10
                           |       |       |       |       |       |       |       |       |     2 ||     2

Table legend: (Time is in decaauts)
 A = Elapsed time spent in this place.
 B = Non-inter-level travel time spent in this place.
 C = Inter-level travel time spent in this place.
 D = Time resting spent in this place.
 E = Time spent auto-exploring this place.
 F = Levels seen in this place.
 G = Mean time per level.
                   A        B        C        D        E       F      G
               +--------+--------+--------+--------+--------+-----+--------+
         Total |  78111 |  70964 |   7147 |   4018 |  45519 | 126 |  619.9 |
       Dungeon |  14017 |  12368 |   1649 |   1064 |   8621 |  15 |  934.5 |
          Lair |   4985 |   4350 |    635 |    126 |   3198 |   5 |  997.0 |
         Swamp |   2125 |   2037 |     88 |     42 |   1488 |   4 |  531.2 |
   Spider Nest |   4710 |   4513 |    197 |    525 |   3075 |   4 | 1177.5 |
    Slime Pits |    667 |    667 |      0 |     81 |     49 |   5 |  133.4 |
  Orcish Mines |   1326 |   1115 |    211 |      0 |    802 |   2 |  663.0 |
   Elven Halls |   4247 |   3976 |    271 |     96 |   2815 |   3 | 1415.7 |
        Vaults |   8442 |   7707 |    735 |    150 |   5663 |   5 | 1688.4 |
         Crypt |   3599 |   3152 |    447 |     81 |   2223 |   3 | 1199.7 |
          Tomb |   2817 |   2274 |    543 |      0 |   1352 |   3 |  939.0 |
        Depths |   6010 |   5140 |    870 |    424 |   3574 |   4 | 1502.5 |
          Hell |    882 |    598 |    284 |     99 |    266 |   1 |  882.0 |
           Dis |   2114 |   1829 |    285 |     45 |    748 |   7 |  302.0 |
       Gehenna |   2682 |   2511 |    171 |    113 |   1409 |   7 |  383.1 |
       Cocytus |   3381 |   3117 |    264 |    301 |   1845 |   7 |  483.0 |
      Tartarus |   2424 |   2240 |    184 |    266 |   1417 |   7 |  346.3 |
           Zot |   4264 |   3959 |    305 |    224 |   2789 |   5 |  852.8 |
         Abyss |   1161 |   1161 |      0 |      0 |    259 |   3 |  387.0 |
   Pandemonium |   5582 |   5582 |      0 |    346 |   2532 |  20 |  279.1 |
      Ziggurat |    855 |    855 |      0 |     23 |    402 |  13 |   65.8 |
       Ossuary |    433 |    433 |      0 |      0 |    337 |   1 |  433.0 |
      Ice Cave |    422 |    422 |      0 |      9 |    227 |   1 |  422.0 |
    Desolation |    954 |    954 |      0 |      0 |    423 |   1 |  954.0 |
               +--------+--------+--------+--------+--------+-----+--------+

Top non-repeatable levels by time:
Vaults:5: 2033 daAuts
Vaults:2: 1884 daAuts
Vaults:3: 1817 daAuts
Depths:3: 1736 daAuts
   Coc:7: 1707 daAuts
Depths:1: 1650 daAuts
Spider:2: 1601 daAuts
  Tomb:1: 1504 daAuts
   Elf:2: 1487 daAuts
Depths:2: 1461 daAuts
Vaults:4: 1458 daAuts
  Lair:3: 1447 daAuts
   Elf:3: 1410 daAuts
 Crypt:3: 1403 daAuts
    D:15: 1374 daAuts
